 Dungeon Crawl Stone Soup version 0.31-a0-636-ge1c0e02 (webtiles) character file.

Game seed: 15377051111354836780

1242736 BarneyGumball the Archmage (level 27, -5/144 (199) HPs)
             Began as a Deep Elf Earth Elementalist on Aug 24, 2023.
             Was the Champion of Vehumet.
             Slain by a caustic shrike (34 damage)
             ... on level 4 of the Iron City of Dis on Aug 26, 2023.
             The game lasted 17:50:47 (108110 turns).

BarneyGumball the Archmage (DEEE)                 Turns: 108110, Time: 17:50:47

HP:   -5/144 (199)  AC: -3    Str:  2 (5)  XL:     27
MP:   51/56         EV: 20    Int: 32 (35) God:    Vehumet [******]
Gold: 9955          SH:  0    Dex:  5 (15) Spells: 1/80 levels left

rFire   + + +        l - staff "Ycinuyl" {rElec Conj Fire}
rCold   + + .        q - orb {*channel}
rNeg    + + +        G - +0 robe "Lianumukh" {rF++ rC+ Regen+ Slay-2}
rPois   ∞            h - +2 hat {SInv}
rElec   +            a - scarf {shadows}
rCorr   +            k - +1 pair of gloves of the Vaults {rPois Will+}
SInv    +            y - +2 pair of slick slippers {slick, slippery, EV+4}
Will    ++++.        z - amulet of magic regeneration
Stlth   +++          W - ring of the Clean Apple {Fire rElec rN+ Slay-5 SInv}
HPRegen 1.24/turn    i - ring "Hasicut" {rPois rF+ rC+ rCorr SInv}
MPRegen 0.75/turn

%: channel magic (20%)
@: death-form, corroded, studying Earth Magic, very heavily drained
A: vile attack, torment immunity, no potions, mutation resistance 1
}: 13/15 runes: barnacled, slimy, silver, golden, icy, bone, abyssal, demonic,
glowing, magical, fiery, dark, gossamer
a: Siphon Essence, Begin Untransformation, Renounce Religion


You were on level 4 of the Iron City of Dis.
You worshipped Vehumet.
Vehumet was exalted by your worship.
You were an undying horror.
You visited 17 branches of the dungeon, and saw 77 of its levels.
You visited Pandemonium 1 time, and saw 15 of its levels.
You visited the Abyss 2 times.
You visited 2 ziggurats (completing 1), and saw 28 of their levels.
You also visited: Bailey and Wizlab.

You collected 17192 gold pieces.
You spent 7237 gold pieces at shops.

Inventory:

Hand Weapons
 v - the +6 sword of Cerebov {flame}
   (You took it off Cerebov in Pandemonium)
Armour
 a - a scarf of shadows (worn)
 h - a +2 hat of see invisible (worn)
 k - the +1 pair of gloves of the Vaults (worn) {rPois Will+}
   (You bought it in a shop on level 2 of the Orcish Mines)

   rPois:     It protects you from poison Will+: It increases your willpower.
 q - an orb of energy (worn)
 y - the +2 pair of slick slippers (worn) {slick, slippery, EV+4}
   (You found it on level 16 of a ziggurat)

   Slick:     Its wearer cannot be constricted, engulfed, netted or webbed.
   Slippery:  Its wearer slips away from damaging melee attacks, pulling the
   attacker onward.
   EV+4:      It affects your evasion (+4).
 G - the +0 robe "Lianumukh" (worn) {rF++ rC+ Regen+ Slay-2}
   (You found it on level 5 of the Pits of Slime)

   Slay-2:    It affects your accuracy & damage with ranged weapons and melee
   (-2).
   rF++:      It greatly protects you from fire.
   rC+:       It protects you from cold.
   Regen+:    It increases your rate of health regeneration.
 N - the +2 shield of Resistance {rF++ rC++ Will++}
   (You found it on level 27 of a ziggurat)

   rF++:      It greatly protects you from fire.
   rC++:      It greatly protects you from cold.
   Will++:    It greatly increases your willpower.
 Q - a scarf of resistance
Magical Staves
 l - the staff "Ycinuyl" (weapon) {rElec Conj Fire}
   (You found it on level 26 of a ziggurat)

   [staff of conjuration]

   Base accuracy: +5 Base damage: 5 Base attack delay: 1.2 This weapon's minimum
   attack delay (0.6) is reached at skill level 12.
   rElec:     It insulates you from electricity.
   Conj:      It increases the power of your Conjurations spells.
   Fire:      It increases the power of your Fire spells.
   It falls into the 'Staves' category.
   It is a one-handed weapon.
Jewellery
 b - the ring "Xoseerok" {rC+ rN+ Will- Int+6}
   (You took it off a deep elf pyromancer on level 3 of the Elven Halls)

   [ring of intelligence]

   Int+6:     It affects your intelligence (+6).
   rC+:       It protects you from cold.
   rN+:       It protects you from negative energy.
   Will-:     It decreases your willpower.
 i - the ring "Hasicut" (right hand) {rPois rF+ rC+ rCorr SInv}
   (You found it in Pandemonium)

   [ring of poison resistance]

   rF+:       It protects you from fire.
   rC+:       It protects you from cold.
   rPois:     It protects you from poison SInv: It lets you see invisible.
   rCorr:     It protects you from acid and corrosion.
 z - an amulet of magic regeneration (around neck)
 D - an amulet of regeneration
 R - the ring of Bienablurgh {rF+ Will++ AC+4 Int-4 Stlth+}
   (You found it on level 21 of a ziggurat)

   [ring of protection]

   AC+4:      It affects your AC (+4).
   Int-4:     It affects your intelligence (-4).
   rF+:       It protects you from fire.
   Will++:    It greatly increases your willpower.
   Stlth+:    It makes you more stealthy.
 T - a ring of wizardry
 W - the ring of the Clean Apple (left hand) {Fire rElec rN+ Slay-5 SInv}
   (You found it on level 6 of a ziggurat)

   [ring of fire]

   Fire:      It enhances your fire magic.
   Slay-5:    It affects your accuracy & damage with ranged weapons and melee
   (-5).
   rF+:       It protects you from fire.
   rC-:       It makes you vulnerable to cold.
   rElec:     It insulates you from electricity.
   rN+:       It protects you from negative energy.
   SInv:      It lets you see invisible.
Talismans
 e - a granite talisman
 F - a talisman of death (active)
Wands
 C - a wand of digging (54)
 H - a wand of iceblast (81)
 I - a wand of mindburst (106)
 O - a wand of polymorph (68)
 S - a wand of charming (106)
 Z - a wand of light (96)
Scrolls
 c - 8 scrolls of amnesia
 g - 10 scrolls of immolation
 j - 3 scrolls of revelation
 m - 18 scrolls of enchant armour
 A - 14 scrolls of fear
 E - 16 scrolls of poison
 J - 2 scrolls of blinking
 M - 15 scrolls of fog
 P - 6 scrolls of vulnerability
 U - 4 scrolls of torment
 V - 2 scrolls of butterflies
 X - 37 scrolls of teleportation
Potions
 d - 6 potions of resistance
 f - 23 potions of curing
 n - 9 potions of might
 o - 11 potions of enlightenment
 p - a potion of haste
 r - 9 potions of cancellation
 s - 5 potions of heal wounds
 t - 28 potions of mutation
 u - 10 potions of lignification
 x - 7 potions of magic
 K - 2 potions of invisibility
 Y - 11 potions of ambrosia
Miscellaneous
 w - a +1 figurine of a ziggurat


   Skills:
 O Level 27 Fighting
 - Level 12.0 Staves
 - Level 4.0 Armour
 O Level 27 Dodging
 - Level 8.0 Stealth
 - Level 4.3 Shields
 O Level 27 Spellcasting
 + Level 24.5 Conjurations
 - Level 8.0 Summonings
 - Level 2.0 Translocations
 - Level 2.2 Transmutations
 + Level 18.8 Fire Magic
 + Level 24.4 Ice Magic
 + Level 24.4 Air Magic
 * Level 26.9 Earth Magic
 - Level 10.0 Evocations
 - Level 23.0 Shapeshifting


You had one spell level left.
You knew the following spells:

 Your Spells              Type           Power      Damage    Failure   Level
a - Leda's Unmaking       Conj/Erth      71%        9d11      1%          6
b - Sandblast             Erth           100%       2d20      1%          1
c - Iskenderun's Mystic   Conj/Tloc      100%       2d19      1%          4
d - Spellforged Servitor  Conj/Summ      60%        N/A       1%          7
e - Lee's Rapid Deconstr  Erth           60%        3d28*     1%          5
f - Polar Vortex          Ice            58%        12d7*     2%          9
g - Ozocubu's Armour      Ice            100%       N/A       1%          3
i - Blink                 Tloc           100%       N/A       3%          2
j - Shatter               Erth           60%        3d45*     1%          9
k - Lehudib's Crystal Sp  Conj/Erth      71%        10d16     1%          8
l - Ignition              Fire           76%        3d20      1%          8
m - Passwall              Tmut/Erth      79%        N/A       1%          2
n - Apportation           Tloc           100%       N/A       2%          1
o - Chain Lightning       Conj/Air       70%        3d93      2%          9
p - Yara's Violent Unrav  Hex/Tmut       25%        3d11      7%          5

Your spell library contained the following spells:

 Spells                   Type           Power      Damage    Failure   Level
 Foxfire                  Conj/Fire      100%       2x1d9     1%          1
 Freeze                   Ice            100%       1d10      1%          1
 Magic Dart               Conj           100%       1d8       1%          1
 Shock                    Conj/Air       100%       1d9       1%          1
 Summon Small Mammal      Summ           100%       N/A       1%          1
 Necrotise                Necr           100%       1d9       3%          1
 Slow                     Hex            100%       N/A       3%          1
 Sting                    Tmut/Pois      100%       1d8       3%          1
 Call Imp                 Summ           100%       N/A       1%          2
 Cigotuvi's Dreadful Rot  Necr/Pois/Air  100%       N/A       1%          2
 Ensorcelled Hibernation  Hex/Ice        100%       N/A       1%          2
 Momentum Strike          Conj/Tloc      100%       3d10      1%          2
 Poisonous Vapours        Pois/Air       100%       N/A       1%          2
 Scorch                   Fire           100%       2d9       1%          2
 Static Discharge         Conj/Air       100%       2-7/arc   1%          2
 Call Canine Familiar     Summ           76%        N/A       1%          3
 Dazzling Flash           Conj/Hex       100%       N/A       1%          3
 Frozen Ramparts          Ice            100%       1d16      1%          3
 Hailstorm                Conj/Ice       100%       3d20      1%          3
 Ignite Poison            Fire/Tmut/Pois 100%       N/A       1%          3
 Inner Flame              Hex/Fire       100%       N/A       1%          3
 Mephitic Cloud           Conj/Pois/Air  100%       N/A       1%          3
 Stone Arrow              Conj/Erth      100%       3d13      1%          3
 Swiftness                Air            100%       N/A       1%          3
 Vhi's Electric Charge    Tloc/Air       100%       N/A       1%          3
 Volatile Blastmotes      Fire/Tloc      100%       2d18      1%          3
 Airstrike                Air            57%        2d(9-25)  1%          4
 Animate Armour           Summ/Erth      100%       N/A       1%          4
 Flame Wave               Conj/Fire      100%       2d21      1%          4
 Fulminant Prism          Conj/Hex       55%        3d24      1%          4
 Leda's Liquefaction      Hex/Erth       46%        N/A       1%          4
 Petrify                  Tmut/Erth      95%        N/A       1%          4
 Sticky Flame             Conj/Fire      100%       2d11      1%          4
 Summon Ice Beast         Ice/Summ       98%        N/A       1%          4
 Summon Lightning Spire   Summ/Air       98%        N/A       1%          4
 Arcjolt                  Conj/Air       70%        1d80      1%          5
 Borgnjor's Vile Clutch   Necr/Erth      46%        N/A       1%          5
 Fireball                 Conj/Fire      93%        3d34      1%          5
 Freezing Cloud           Conj/Ice/Air   70%        6-21      1%          5
 Irradiate                Conj/Tmut      57%        3d30      1%          5
 Iskenderun's Battlesphe  Conj           100%       2d15      1%          5
 Metabolic Englaciation   Hex/Ice        44%        N/A       1%          5
 Silence                  Hex/Air        44%        N/A       1%          5
 Conjure Ball Lightning   Conj/Air       70%        3x3d26    1%          6
 Plasma Beam              Fire/Air       79%        2x1d97    1%          6
 Starburst                Conj/Fire      93%        6d23      1%          6
 Orb of Destruction       Conj           70%        9d16      1%          7
 Ozocubu's Refrigeration  Ice            58%        4d20      1%          7
 Maxwell's Capacitive Co  Air            57%        ∞         1%          8
 Wereblood                Tmut           55%        N/A       2%          2
 Summon Guardian Golem    Hex/Summ       62%        N/A       2%          3
 Lesser Beckoning         Tloc           100%       N/A       3%          2
 Simulacrum               Ice/Necr       44%        N/A       3%          6
 Sublimation of Blood     Necr           43%        N/A       4%          2
 Gell's Gravitas          Tloc           54%        N/A       4%          3
 Teleport Other           Tloc           54%        N/A       4%          3
 Olgreb's Toxic Radiance  Pois           43%        N/A       4%          4
 Portal Projectile        Hex/Tloc       98%        N/A       5%          3
 Fire Storm               Conj/Fire      93%        8d23      5%          9
 Confusing Touch          Hex            43%        N/A       7%          3
 Tukima's Dance           Hex            43%        N/A       7%          3
 Vampiric Draining        Necr           43%        2d9       7%          3
 Summon Forest            Summ/Tloc      33%        N/A       8%          5
 Manifold Assault         Tloc           54%        N/A       9%          4
 Passage of Golubria      Tloc           54%        N/A       9%          4
 Summon Mana Viper        Hex/Summ       62%        N/A       10%         5
 Summon Cactus Giant      Summ           38%        N/A       11%         6
 Anguish                  Hex/Necr       21%        N/A       16%         4
 Animate Dead             Necr           43%        N/A       16%         4
 Cause Fear               Hex            21%        N/A       16%         4
 Alistair's Intoxication  Tmut/Pois      33%        N/A       24%         5
 Eringya's Noxious Bog    Tmut/Pois      25%        4d6       24%         6
 Agony                    Necr           43%        N/A       32%         5
 Monstrous Menagerie      Summ           38%        N/A       36%         7
 Summon Hydra             Summ           38%        N/A       36%         7
 Dispersal                Tloc           27%        N/A       56%         6
 Malign Gateway           Summ/Tloc      33%        N/A       71%         7
 Haunt                    Necr/Summ      31%        N/A       83%         7
 Summon Horrible Things   Summ           38%        N/A       91%         8
 Enfeeble                 Hex            21%        N/A       100%        7
 Discord                  Hex            21%        N/A       100%        8
 Disjunction              Tloc           27%        N/A       100%        8
 Infestation              Necr           21%        N/A       100%        8
 Death's Door             Necr           21%        N/A       100%        9
 Dragon's Call            Summ           38%        N/A       100%        9


Dungeon Overview and Level Annotations

Branches:
Dungeon (15/15)            Temple (1/1) D:7            Lair (5/5) D:10
 Shoals (4/4) Lair:3       Spider (4/4) Lair:2        Slime (5/5) Lair:4
    Orc (2/2) D:9             Elf (3/3) Orc:2        Vaults (5/5) D:13
  Crypt (3/3) Vaults:2       Tomb (3/3) Crypt:3      Depths (4/4) D:15
   Hell (visited)             Dis (4/7) Hell            Geh (0/7) Hell
    Coc (7/7) Hell            Tar (7/7) Hell            Zot (4/5) Depths:4
 Bailey (visited)          WizLab (visited)

Altars:
Ashenzari
Cheibriados
Dithmenos
Elyvilon
Fedhas
Gozag
Hepliaklqana
Kikubaaqudgha
Makhleb
Nemelex Xobeh
Okawaru
Qazlal
Ru
Sif Muna
Trog
Uskayaw
Vehumet
Wu Jian
Xom
Yredelemnul
Zin
The Shining One
Jiyva

Shops:
D:4 ?   D:6 :   D:9 :   Orc:2 *![(   Elf:1 [(   Elf:2 (   Vaults:4 [
Depths:1 :=!   Depths:2 =

Portals:
Hell: Depths:1 Depths:2 Depths:3 Depths:4
Abyss: Depths:3
Pandemonium: Depths:1 Depths:2

Annotations:
D:5 Grinder
Lair:3 2 transporters
Spider:3 3 runed translucent doors, yakattack's ghost, adept VSWn
Elf:2 3 exclusions
Vaults:1 1 runed translucent door, Xihuodghy's ghost, adept MiBe
Depths:3 3 runed translucent doors, Plog's ghost, veteran DsAK
Tar:7 Serpent of Hell


Innate Abilities, Weirdness & Mutations

You are an undying horror.
Your melee and unarmed attacks drain, slow and weaken victims.
You are immune to unholy pain and torment.
You cannot drink.
You are immune to poison.
You are somewhat resistant to further mutation.


Message History

There is a stone staircase leading down here.
You climb downwards. "You have come here to die, fool!"
You feel clumsy.
There is a gateway leading out of Dis here.
There is a stone staircase leading down here.
You climb downwards.
You shiver with fear.
HP restored.
You feel drained.
There is a gateway leading out of Dis here.
There is an open door here.
There is an open door here.
There is an open door here.
There is an open door here.
As you open the door, it creaks loudly!
There is an open door here.
There is a stone staircase leading down here.
You climb downwards.
You sense a hostile presence.
You feel clumsy.
The caustic shrike completely misses you.
The caustic shrike claws you!!
You are splashed with acid.
You resist.
You slip backwards!
The caustic shrike claws you!
You are splashed with acid.
You resist. The caustic shrike misses you. The caustic shrike claws you!
You are splashed with acid.
You resist.
Casting: Leda's Unmaking (mildly dangerous; 1% risk of failure)
Confirm with . or Enter, or press ? or * to list all spells.
You feel a surge of power! Lightning arcs from your hands!
The bolt of lightning hits the caustic shrike!!!!!
You kill the caustic shrike!
Vehumet accepts your kill.
You feel your power returning. The bolt of lightning hits you! You resist.
The bolt of lightning hits the caustic shrike!!!!
The caustic shrike is almost dead.
The caustic shrike claws you!!
* * * LOW HITPOINT WARNING * * *
The acid corrodes you!
You are splashed with acid.
You resist.
* * * LOW HITPOINT WARNING * * *
The caustic shrike claws you!!
You die...

##############
.....).....†z#
............b#
....###'####.#
.. ..... #.#
#.####.#.# #.
#.# # #.# #.#


You could see a caustic shrike.

Vanquished Creatures
  Cerebov (Pan)
  Antaeus (Coc:7)
  the Royal Jelly (Slime:5)
  Gloorx Vloq (Pan)
  Ereshkigal (Tar:7)
  2 dread liches
  Mnoleg (Pan)
  7 ancient liches
  An orb of fire (Zig:15)
  5 juggernauts
  Mennas (Pan)
  Vv (Crypt:3)
  26 royal mummies
  12 shard shrikes
  5 curse toes
  Saint Roka (Elf:3)
  Margery (Vaults:2)
  15 caustic shrikes
  Geryon (Hell)
  12 profane servitors
  13 pearl dragons
  9 golden dragons
  6 doom hounds
  6 bone dragons
  2 iron giants (Dis:2)
  8 Brimstone Fiends
  10 Tzitzimimeh
  5 Hell Sentinels
  15 tentacled monstrosities
  A walking earthen tome (Depths:3)
  11 Ice Fiends
  14 liches
  6 quicksilver dragons
  14 titans
  21 deep elf master archers
  13 tainted leviathans
  5 pandemonium lords
  18 deep elf blademasters
  5 searing wretches
  12 acid blobs
  3 krakens (Shoals:1)
  13 death cobs
  17 ancient champions
  11 sphinxes
  12 Executioners
  6 shadow dragons
  Gastronok (Lair:3)
  Aizul (Shoals:1)
  Murray (Hell)
  14 tentacled starspawn
  14 tengu reavers
  11 azure jellies
  7 storm dragons
  Ilsuiw (Shoals:3)
  3 emperor scorpions
  9 daevas
  4 draconian monks
  2 revenants
  15 nagarajas
  7 rockslimes (Slime:5)
  9 frost giants
  3 demonspawn warmongers
  A fenstrider witch (WizLab)
  11 narguns
  7 draconian knights
  6 vault wardens
  9 fire giants
  2 quicksilver elementals
  2 ghost moths
  3 iron dragons
  28 balrugs
  5 curse skulls
  11 deep elf sorcerers
  7 draconian shifters
  8 shard shrike simulacra
  Louise (D:15)
  5 draconian scorchers
  A spectral caustic shrike (Tar:3)
  10 angels
  8 draconian stormcallers
  A caustic shrike zombie (Zig:18)
  7 deep elf elementalists
  15 demonspawn blood saints
  2 orc warlords
  14 war gargoyles
  A juggernaut skeleton (Zig:17)
  17 reapers
  9 draconian annihilators
  11 cacodemons
  A spriggan defender (Depths:3)
  2 caustic shrike skeletons
  27 very ugly things
  A broodmother (Spider:1)
  10 ironbound preservers
  7 quicksilver oozes
  5 green draconians
  9 ophanim
  A ghoul (Crypt:2)
  7 stone giants
  25 elemental wellsprings
  6 vampire knights
  7 demonspawn corrupters
  3 ironbound thunderhulks
  An eleionoma (WizLab)
  5 formless jellyfish
  23 deep elf demonologists
  6 demonspawn black suns
  8 lorocyprocas
  10 red draconians
  10 bennus
  9 putrid mouths
  20 wendigos
  14 apis
  20 starcursed masses
  A bunyip (shapeshifter) (Zig:19)
  32 deep elf annihilators
  2 spark wasps
  3 white draconians
  3 dire elephants (Vaults:1)
  4 black draconians
  8 purple draconians
  4 yellow draconians
  8 eidola
  8 merfolk javelineers
  8 ettins
  12 deep elf death magi
  14 iron golems
  2 spectral krakens (Tar:7)
  5 green deaths
  7 jiangshi
  39 mummy priests
  2 shambling mangroves (WizLab)
  A spectral quicksilver dragon (Tar:6)
  15 blizzard demons
  5 entropy weavers
  A spectral iron giant (Tar:3)
  8 merfolk impalers
  10 yaktaur captains
  3 rakshasas
  40 deep elf high priests
  A spriggan zombie (Hell)
  14 fire dragons
  10 ice dragons
  A spectral spriggan (Tar:2)
  2 hydras
  7 caustic shrike simulacra
  5 great orbs of eyes
  8 ogre magi
  4 spriggan air magi
  25 vault guards
  7 ironbound frosthearts
  A catoblepas (Lair:4)
  A peacekeeper (Vaults:4)
  17 salamander tyrants
  5 merfolk avatars
  A jorogumo (Spider:2)
  11 centaur warriors
  2 hell beasts (Pan)
  4 juggernaut simulacra
  10 merfolk aquamancers
  5 boulder beetles
  An anaconda (Zig:23)
  5 death yaks
  An anaconda (shapeshifter) (D:14)
  4 two-headed ogres
  2 satyrs
  26 dancing weapons
  61 death scarabs
  3 radroaches
  3 spriggan skeletons
  2 stokers
  A death knight (Crypt:2)
  A two-headed ogre (shapeshifter) (Zig:19)
  2 sphinx skeletons
  5 naga sharpshooters
  2 naga warriors (Zig:23)
  6 holy swine (Pan)
  6 deep troll earth magi
  4 tengu warriors
  3 orc high priests
  19 demonic crawlers
  23 deep elf knights
  6 deep troll shamans
  A spriggan berserker (Depths:3)
  5 vampire magi
  5 shock serpents
  A titan zombie (Zig:18)
  21 sun demons
  8 thrashing horrors
  Sonja (Lair:4)
  31 hell knights
  A shock serpent (shapeshifter) (Zig:19)
  8 soul eaters
  A spectral naga (Tar:1)
  A skyshark (Lair:5)
  9 spriggans
  11 shadow wraiths
  Lodul (D:13)
  A crystal echidna (Dis:2)
  11 wretched stars
  5 pharaoh ants
  20 skeletal warriors
  A flayed ghost (Zig:9)
  8 fire crabs (Zig:15)
  3 shadow demons (Pan)
  11 cherubim
  3 quicksilver dragon simulacra
  11 sixfirhies
  An iron giant zombie (Tomb:2)
  8 iron trolls
  3 spatial maelstroms
  8 orb spiders
  7 sea snakes
  2 tengu zombies
  27 deep elf archers
  A spectral hydra (Tar:2)
  5 glowing orange brains
  A bunyip skeleton (Crypt:3)
  27 deep trolls
  7 spriggan simulacra
  Pikel (D:7)
  16 wizards
  8 phantasmal warriors
  16 ironbound convokers
  8 steelbarb worms
  A fenstrider witch simulacrum (Coc:2)
  3 lindwurms
  28 harpies
  2 steelbarb worms (shapeshifter) (Zig:20)
  A lindwurm (shapeshifter) (Zig:19)
  9 orc knights
  38 deep elf pyromancers
  18 necromancers
  An iron dragon zombie (Crypt:3)
  11 orc sorcerers
  4 shining eyes
  A cyclops (shapeshifter) (Depths:3)
  55 deep elf zephyrmancers
  10 wolf spiders
  2 mana vipers (Zig:23)
  3 worldbinders
  28 ugly things
  An oklob plant (WizLab)
  6 cyclopes
  8 manticores
  8 fauns
  A will-o-the-wisp (Zig:22)
  2 salamanders (Zig:23)
  2 shining eyes (shapeshifter)
  A moth of wrath (shapeshifter) (Vaults:5)
  A spectral ettin (Tar:2)
  An alligator skeleton (Crypt:1)
  5 guardian serpents
  A water nymph (shapeshifter) (Depths:2)
  12 merfolk sirens
  An elephant (shapeshifter) (Zig:25)
  23 moths of wrath
  15 elephants
  A centaur zombie (Crypt:3)
  19 black mambas
  2 dire elephant zombies
  5 ice statues (Pan)
  9 naga magi
  7 apocalypse crabs
  15 water nymphs
  3 rust devils
  An alligator snapping turtle zombie (Crypt:3)
  A cane toad (shapeshifter) (Elf:1)
  4 gargoyles
  22 smoke demons
  8 vault sentinels
  9 hellions
  A dire elephant skeleton (Crypt:3)
  4 titan simulacra
  13 cane toads
  A storm dragon simulacrum (Coc:1)
  11 torpor snails
  A centaur skeleton (Tomb:3)
  An unseen horror (shapeshifter) (Depths:3)
  A yaktaur (shapeshifter) (Depths:4)
  23 yaktaurs
  16 orange demons
  A spectral swamp worm (Tar:7)
  An eye of devastation (Slime:5)
  3 kobold demonologists
  8 komodo dragons
  3 rime drakes
  2 unseen horrors (D:11)
  6 anaconda simulacra
  5 efreet
  7 ice devils
  9 freezing wraiths
  2 bunyip simulacra
  11 tormentors
  2 tengu conjurers
  A merfolk (shapeshifter) (Vaults:5)
  5 iron giant simulacra
  5 red devils
  7 ancient zymes
  4 polar bears
  9 wind drakes
  2 golden dragon simulacra (Coc:3)
  A harpy zombie (Crypt:3)
  A spectral harpy (Tar:2)
  12 meliai
  7 trolls
  11 hellwings
  3 tyrant leeches (Lair:5)
  57 guardian mummies
  36 merfolk
  A shadow dragon simulacrum (Depths:1)
  8 raiju
  16 hornets
  A tengu simulacrum (Zig:17)
  A tarantella (shapeshifter) (Zig:19)
  19 tarantellas
  A wind drake (shapeshifter) (Zig:21)
  8 dream sheep
  4 blink frogs (Lair:3)
  An ettin zombie (Crypt:3)
  2 stone giant simulacra
  A fire dragon zombie (Tomb:1)
  An iron dragon simulacrum (Coc:3)
  3 snapping turtles
  A hydra skeleton (Crypt:3)
  2 centaur simulacra
  20 jumping spiders
  6 air elementals
  31 flying skulls
  An ettin skeleton (Crypt:1)
  40 slime creatures
  7 naga simulacra
  4 shadows
  A wyvern (shapeshifter) (Zig:19)
  A spriggan (shapeshifter) (Zig:26)
  8 culicivoras
  7 vampires
  13 ynoxinuls
  26 water elementals
  4 hogs (D:15)
  A nameless horror (Vaults:1)
  8 wraiths
  19 ushabtiu
  23 wyverns
  38 yaks
  9 dire elephant simulacra
  15 fire elementals
  47 redbacks
  16 humans (D:13)
  16 neqoxecs
  6 golden eyes (Slime:1)
  7 vampire mosquitoes
  Eustachio (D:5)
  9 basilisks
  A redback (shapeshifter) (Zig:19)
  7 chaos spawn
  A minotaur simulacrum (Hell)
  5 acid dragons
  12 harpy simulacra
  8 nagas (Zig:23)
  7 wargs
  A deep troll zombie (Crypt:1)
  24 water moccasins
  Edmund (D:6)
  A hydra simulacrum (Coc:6)
  28 large abominations
  17 hell hounds
  A floating eye (shapeshifter) (Zig:21)
  A sky beast (D:7)
  47 orc warriors
  2 ice beasts (D:6)
  A naga skeleton (Crypt:3)
  4 black bears
  An elf simulacrum (Vaults:2)
  A black mamba simulacrum (Hell)
  4 ettin simulacra
  19 wolves
  15 ogres
  5 centaurs
  A swamp dragon skeleton (Crypt:2)
  2 kobold brigands
  4 elf zombies (Elf:1)
  A gnoll sergeant (D:9)
  3 scorpions (D:5)
  14 bullfrogs
  7 earth elementals
  4 wights
  A killer bee (D:10)
  7 howler monkeys
  8 electric eels
  7 crimson imps (Pan)
  3 human zombies (Crypt:1)
  7 hounds
  2 jellies
  21 orc priests
  A sleepcap (D:5)
  A gnoll bouda (D:10)
  3 human skeletons
  37 orc wizards
  4 iguanas
  14 hell rats
  4 lightning spires (Zig:19)
  83 mummies
  5 gnolls
  17 adders
  2 shadow imps
  3 white imps
  2 worms
  2 dart slugs
  97 orcs
  14 ball pythons
  9 bats
  9 endoplasms
  2 giant cockroaches
  3 goblins
  8 hobgoblins
  20 kobolds
  A quokka (D:2)
  4 frilled lizards
  A frilled lizard zombie (Crypt:2)
  A kobold (shapeshifter) (Depths:2)
  5 rats
  A rat zombie (Crypt:1)
  2 creeping infernos (Hell)
  A lurking horror (Abyss:3)
  7 starspawn tentacles
  5 tentacles
3620 creatures vanquished.

Vanquished Creatures (collateral kills)
  Lom Lobon (Pan)
  An ancient lich (Zig:7)
  3 royal mummies
  2 Killer Klowns
  6 shard shrikes
  2 curse toes
  A caustic shrike (Dis:1)
  11 golden dragons
  6 profane servitors
  4 bone dragons
  2 Brimstone Fiends
  3 Tzitzimimeh (Tar:7)
  Arachne (Spider:4)
  5 doom hounds
  A spectral shard shrike (Tar:6)
  3 Ice Fiends (Coc:7)
  A Hell Sentinel (Dis:4)
  3 liches
  5 tentacled monstrosities
  5 tainted leviathans
  2 deep elf master archers
  5 acid blobs
  2 sphinxes
  4 quicksilver dragons
  2 death cobs
  8 Executioners
  A kraken (Shoals:1)
  2 ancient champions
  A tentacled starspawn (Zig:1)
  Kirke (D:15)
  8 tengu reavers
  2 storm dragons
  A thorn hunter (WizLab)
  3 daevas
  2 revenants
  3 shadow dragons
  2 draconian knights (Zot:3)
  A fire giant (shapeshifter) (Zig:8)
  A draconian monk (Depths:4)
  A fenstrider witch (WizLab)
  2 nagarajas
  5 rockslimes
  7 narguns
  4 fire giants
  4 frost giants
  3 balrugs
  7 vault wardens
  An azure jelly (shapeshifter) (Zig:8)
  2 deep elf sorcerers (Elf:3)
  A draconian scorcher (Zot:3)
  3 iron dragons
  A deep elf elementalist (Elf:3)
  An orc warlord (Vaults:1)
  2 caustic shrike zombies (Crypt:3)
  An angel (Pan)
  3 emperor scorpions
  2 demonspawn corrupters (Pan)
  A draconian stormcaller (Zot:3)
  A spriggan defender (Depths:2)
  2 spectral juggernauts
  3 reapers
  A shard shrike simulacrum (Coc:7)
  2 draconian annihilators
  A quicksilver ooze (Slime:3)
  3 ironbound thunderhulks
  14 ironbound preservers
  19 very ugly things
  6 cacodemons (Pan)
  7 putrid mouths
  3 formless jellyfish
  5 green draconians
  2 war gargoyles
  7 stone giants
  9 vampire knights
  3 black draconians
  2 elemental wellsprings (Coc:7)
  A caustic shrike skeleton (Crypt:3)
  6 deep elf annihilators
  2 white draconians (Zot:2)
  3 yellow draconians
  A spectral titan (Tar:5)
  5 red draconians
  2 eleionomae (WizLab)
  The ghost of Ybabroo the Alchemist, a journeyman TrSh (Lair:3)
  2 iron golems (Hell)
  2 eidola
  4 spark wasps
  A spark wasp (shapeshifter) (Vaults:5)
  2 wendigos (Coc:7)
  A purple draconian (Zot:3)
  7 dire elephants
  7 ettins
  6 blizzard demons
  Azrael (D:15)
  8 mummy priests
  2 merfolk javelineers
  4 fire dragons
  A spectral quicksilver dragon (Tar:4)
  5 green deaths (Pan)
  4 merfolk impalers
  3 jiangshi
  7 deep elf death magi
  3 vault guards (Vaults:3)
  2 entropy weavers
  Josephine (D:15)
  4 deep elf high priests
  5 great orbs of eyes
  A sphinx zombie (Zig:18)
  4 yaktaur captains
  3 ice dragons
  3 juggernaut simulacra
  2 ogre magi
  2 spriggan skeletons
  2 caustic shrike simulacra
  A radroach (Spider:4)
  5 merfolk aquamancers
  A centaur warrior (D:15)
  A spectral stone giant (Tar:1)
  9 ironbound frosthearts
  A jorogumo (Spider:4)
  A stoker (Hell)
  2 death knights (Crypt:1)
  2 merfolk avatars
  3 two-headed ogres (D:15)
  An alligator snapping turtle (Zig:16)
  A deep troll shaman (Depths:4)
  10 death scarabs
  A deep troll earth mage (Depths:2)
  A vampire mage (Crypt:2)
  4 boulder beetles
  11 dancing weapons
  3 tengu warriors
  2 spriggan berserkers (Depths:2)
  A naga sharpshooter (WizLab)
  A spriggan (Depths:3)
  3 thrashing horrors
  3 deep elf knights
  12 soul eaters
  27 sun demons
  A shock serpent (shapeshifter) (Zig:20)
  6 demonic crawlers
  A skyshark (Shoals:1)
  6 hell knights
  A wretched star (Zig:2)
  A sun moth (Spider:4)
  2 sixfirhies (Pan)
  A spatial maelstrom (Zig:13)
  3 iron trolls
  5 sea snakes
  3 cherubim (Pan)
  26 deep trolls
  3 orb spiders
  2 glowing orange brains
  2 shadow demons (Pan)
  15 skeletal warriors
  6 ironbound convokers
  A spectral iron dragon (Tar:2)
  9 deep elf archers
  2 wizards
  A flayed ghost (Crypt:1)
  A deep troll (shapeshifter) (Zig:8)
  7 lindwurms
  9 harpies
  2 spriggan simulacra
  A steelbarb worm (Spider:4)
  7 phantasmal warriors
  A jorogumo zombie (Crypt:1)
  17 deep elf pyromancers
  An orc knight (Vaults:1)
  An iron dragon zombie (Zig:18)
  8 moths of wrath
  An orc sorcerer (Elf:2)
  4 necromancers
  5 manticores
  4 fauns
  A cyclops (Shoals:3)
  2 shining eyes
  7 deep elf zephyrmancers
  A wolf spider (Spider:3)
  A human zombie (Vaults:2)
  15 ugly things
  A human skeleton (Crypt:1)
  A shock serpent zombie (Crypt:2)
  A stone giant skeleton (Tomb:2)
  3 merfolk sirens
  2 naga magi
  A centaur zombie (Crypt:2)
  2 frost giant skeletons (Depths:1)
  4 apocalypse crabs (Zot:2)
  8 smoke demons
  2 titan simulacra
  A gargoyle (Crypt:3)
  2 dire elephant zombies
  An ice statue (Coc:7)
  8 water nymphs
  9 vault sentinels
  4 orange demons (Pan)
  An eye of devastation (Slime:5)
  A torpor snail (Spider:4)
  A hellion (Pan)
  6 spectral swamp worms (Tar:7)
  3 efreet
  An ice devil (Pan)
  An alligator snapping turtle skeleton (Crypt:2)
  A freezing wraith (Crypt:2)
  A grey draconian skeleton (Crypt:1)
  A spectral naga (Tar:4)
  10 yaktaurs
  A tengu conjurer (Depths:3)
  A white draconian skeleton (Crypt:1)
  A catoblepas skeleton (Tomb:3)
  12 tormentors
  3 anaconda simulacra (Coc:3)
  An iron giant simulacrum (Coc:4)
  A spectral harpy (Tar:4)
  A meliai (shapeshifter) (Vaults:5)
  9 hellwings (Pan)
  2 meliai (Spider:4)
  4 red devils
  10 wind drakes
  8 guardian mummies
  15 merfolk
  A shadow dragon simulacrum (Coc:1)
  6 snapping turtles
  A harpy skeleton (Crypt:3)
  A mana viper skeleton (Crypt:2)
  6 tarantellas
  A death drake skeleton (Crypt:2)
  An ettin zombie (Vaults:2)
  A stone giant simulacrum (Abyss:3)
  4 dream sheep (Shoals:3)
  A hornet (Depths:3)
  A jumping spider (Spider:3)
  31 slime creatures
  2 culicivoras
  6 flying skulls
  2 shadows (Crypt:3)
  8 ynoxinuls (Pan)
  18 water elementals
  A small abomination (Abyss:3)
  5 air elementals
  5 wraiths
  6 dire elephant simulacra
  A human (shapeshifter) (Zig:8)
  3 ushabtiu
  2 hogs (D:15)
  5 fire elementals
  7 neqoxecs
  4 redbacks
  9 chaos spawn
  10 large abominations
  A naga (Zig:23)
  A harpy simulacrum (Coc:7)
  A naga zombie (Hell)
  An acid dragon (Zot:3)
  A glowing shapeshifter zombie (Vaults:2)
  2 nameless horrors
  4 hell hounds
  A merfolk skeleton (Crypt:2)
  A deep troll skeleton (Pan)
  A glowing shapeshifter skeleton (Zig:17)
  An orc warrior (Vaults:5)
  An ogre (D:15)
  2 starcursed masses (Abyss:3)
  A hog zombie (Crypt:1)
  2 necrophages (Crypt:2)
  2 elf zombies (Elf:1)
  A naga simulacrum (Crypt:1)
  A draconian skeleton (Crypt:1)
  4 earth elementals
  A water moccasin skeleton (Crypt:1)
  2 crimson imps (Pan)
  A basilisk skeleton (Crypt:1)
  2 hell rats (Hell)
  20 mummies
  A lava snake skeleton (Crypt:2)
  A starspawn tentacle (Abyss:2)
1030 creatures vanquished.

Vanquished Creatures (others)
  A demonspawn warmonger (Pan)
  A broodmother (Spider:3)
  A vampire mage (Crypt:3)
  A sun demon (Pan)
  An air elemental (Zig:21)
  A water elemental (Zig:21)
  6 ball lightnings (Pan)
  6 starspawn tentacles
  8 tentacles (Shoals:1)
26 creatures vanquished.

Grand Total: 4676 creatures vanquished

Notes
Turn   | Place    | Note
-------+----------+-------------------------------------------
     0 | D:1      | BarneyGumball the Deep Elf Earth Elementalist began the
                  | quest for the Orb.
     0 | D:1      | Reached XP level 1. HP: 10/10 MP: 6/6
   185 | D:1      | Reached XP level 2. HP: 15/15 MP: 6/8
   239 | D:1      | Got the Elucidation of the Firefly
   753 | D:1      | Reached XP level 3. HP: 19/19 MP: 8/10
  1099 | D:2      | Learned a level 3 spell: Stone Arrow
  1102 | D:2      | Reached skill level 1 in Conjurations
  1778 | D:3      | Found a sparkling altar of Nemelex Xobeh.
  1847 | D:3      | Reached XP level 4. HP: 24/24 MP: 9/12
  1981 | D:3      | Found a sacrificial altar of Ru.
  2087 | D:3      | Identified the +7 short sword "Hydraslayer" {flame, Fragile
                  | rN+ Str+6}
  2427 | D:4      | Found Emotz's Magic Scroll Boutique.
  2445 | D:4      | Bought a scroll of identify for 26 gold pieces
  2445 | D:4      | Bought a scroll of fear for 52 gold pieces
  2445 | D:4      | Bought a scroll of identify for 26 gold pieces
  2445 | D:4      | Bought a scroll of teleportation for 39 gold pieces
  2573 | D:4      | Learned a level 2 spell: Passwall
  2758 | D:4      | Found an opulent altar of Gozag.
  2898 | D:4      | Reached skill level 5 in Earth Magic
  2898 | D:4      | Reached XP level 5. HP: 28/28 MP: 10/13
  3115 | D:4      | Found a glowing silver altar of Zin.
  3806 | D:5      | Entered Level 5 of the Dungeon
  3866 | D:5      | Reached skill level 5 in Spellcasting
  3866 | D:5      | Reached XP level 6. HP: 32/32 MP: 9/15
  3930 | D:5      | Noticed Eustachio
  3990 | D:5      | Noticed Grinder
  4116 | D:5      | Found a shimmering blue altar of Sif Muna.
  4120 | D:5      | Found a burning altar of Makhleb.
  4125 | D:5      | Found an ornate altar of the Wu Jian Council.
  4127 | D:5      | Found an ancient bone altar of Kikubaaqudgha.
  4128 | D:5      | Found a hide-covered altar of Uskayaw.
  4133 | D:5      | Found a glowing golden altar of the Shining One.
  4189 | D:5      | Killed Eustachio
  4298 | D:5      | Reached XP level 7. HP: 36/36 MP: 12/17
  5157 | D:6      | Reached XP level 8. HP: 41/41 MP: 12/19
  5543 | D:6      | Found a blossoming altar of Fedhas.
  5554 | D:6      | Reached skill level 5 in Stealth
  5656 | D:6      | Found Dakurac's Vocational Training.
  5843 | D:6      | Noticed Edmund
  5854 | D:6      | Killed Edmund
  5990 | D:6      | Reached skill level 5 in Conjurations
  6346 | D:6      | Learned a level 4 spell: Petrify
  6350 | D:6      | Learned a level 3 spell: Ozocubu's Armour
  6817 | D:7      | Found a staircase to the Ecumenical Temple.
  6826 | Temple   | Entered the Ecumenical Temple
  6832 | Temple   | Became a worshipper of Vehumet
  7074 | D:7      | Reached XP level 9. HP: 43/46 MP: 10/22
  7240 | D:7      | Reached skill level 1 in Ice Magic
  7462 | D:7      | Noticed Pikel
  7572 | D:6      | Reached skill level 1 in Fighting
  7863 | D:7      | Killed Pikel
  7864 | D:7      | Reached skill level 1 in Air Magic
  8508 | D:8      | Learned a level 5 spell: Arcjolt
  8535 | D:8      | Found a shimmering altar of Xom.
  8536 | D:8      | Found a hazy altar of Hepliaklqana.
  8536 | D:8      | Noticed a will-o-the-wisp
  8537 | D:8      | Noticed a spectral ugly thing
  8537 | D:8      | Noticed a will-o-the-wisp
  9085 | D:8      | Found a white marble altar of Elyvilon.
  9098 | D:8      | Learned a level 5 spell: Lee's Rapid Deconstruction
  9427 | D:9      | Found a flagged portal.
  9441 | D:9      | Identified the +2 dagger "Grim" {pain, Str+2}
  9446 | Bailey   | Entered a bailey
  9705 | D:9      | Found a staircase to the Orcish Mines.
  9917 | D:9      | Found Teynileh's Book Shop.
  9951 | D:9      | Noticed a two-headed ogre
  9952 | D:9      | Reached * piety under Vehumet
  9952 | D:9      | Offered knowledge of Foxfire by Vehumet.
  9955 | D:9      | Reached XP level 10. HP: 54/54 MP: 3/24
  9955 | D:9      | Killed a two-headed ogre
  9956 | D:9      | Reached skill level 5 in Dodging
 10574 | D:10     | Entered Level 10 of the Dungeon
 10679 | D:10     | Noticed a deep elf pyromancer
 10681 | D:10     | Noticed a gargoyle
 10682 | D:10     | Killed a gargoyle
 10874 | D:10     | Noticed a two-headed ogre
 11137 | D:10     | Noticed a soul eater
 11138 | D:10     | Reached skill level 10 in Earth Magic
 11212 | D:10     | Reached skill level 10 in Spellcasting
 11596 | D:10     | Offered knowledge of Magic Dart by Vehumet.
 11788 | D:10     | Killed a deep elf pyromancer
 11798 | D:10     | Reached ** piety under Vehumet
 11804 | D:10     | Reached XP level 11. HP: 47/60 MP: 16/27
 11961 | D:9      | Learned a level 6 spell: Leda's Unmaking
 12151 | D:10     | Noticed an eight-headed hydra
 12154 | D:10     | Killed an eight-headed hydra
 12399 | D:10     | Killed a two-headed ogre
 12994 | D:10     | Found a staircase to the Lair.
 13006 | Lair:1   | Entered Level 1 of the Lair of Beasts
 13041 | Lair:1   | Noticed a wolf spider
 13376 | Lair:1   | Noticed a death yak
 13835 | Lair:1   | Noticed a death yak
 13837 | Lair:1   | Noticed a death yak
 13840 | Lair:1   | Noticed a death yak
 13843 | Lair:1   | Killed a death yak
 13847 | Lair:1   | Killed a death yak
 13848 | Lair:1   | Noticed a death yak
 13906 | Lair:1   | Offered knowledge of Volatile Blastmotes by Vehumet.
 14134 | Lair:1   | Killed a wolf spider
 14341 | Lair:1   | Killed a death yak
 14571 | Lair:1   | Reached skill level 10 in Conjurations
 14576 | Lair:1   | Reached *** piety under Vehumet
 14577 | Lair:1   | Reached XP level 12. HP: 64/64 MP: 9/29
 14790 | Lair:1   | Learned a level 5 spell: Freezing Cloud
 14912 | Lair:1   | Killed a death yak
 15211 | Lair:2   | Killed a death yak
 15212 | Lair:2   | Reached skill level 1 in Shapeshifting
 15594 | Lair:2   | Found a hole to the Spider Nest.
 16101 | Lair:2   | Offered knowledge of Inner Flame by Vehumet.
 16660 | Lair:3   | Found a staircase to the Shoals.
 17041 | Lair:3   | Found a transporter.
 17042 | Lair:3   | Found a bloodstained altar of Trog.
 17043 | Lair:3   | Noticed Ybabroo's ghost (journeyman TrSh)
 17049 | Lair:3   | Found a transporter.
 17598 | Lair:3   | Noticed Gastronok
 17604 | Lair:3   | Killed Gastronok
 18268 | Lair:3   | Reached XP level 13. HP: 72/72 MP: 26/31
 18419 | Lair:4   | Reached **** piety under Vehumet
 18523 | Lair:4   | Offered knowledge of Sticky Flame by Vehumet.
 18827 | Lair:4   | Found the +7 mace of Variability {chaos, chaos arc}
 18888 | Lair:4   | Found a staircase to the Slime Pits.
 19162 | Lair:4   | Noticed Sonja
 19164 | Lair:4   | Killed Sonja
 19165 | Lair:4   | Reached skill level 5 in Fighting
 19816 | Lair:5   | Entered Level 5 of the Lair of Beasts
 19840 | Slime:1  | Entered Level 1 of the Pits of Slime
 19840 | Slime:1  | Noticed a quicksilver ooze
 20102 | Lair:5   | Reached skill level 15 in Earth Magic
 20959 | D:11     | Identified the +0 scale mail "Tiabew" {rF+ Int-2 Dex+3}
 21747 | D:12     | You fall into a shaft and drop 2 floors!
 21783 | D:13     | Identified the +1 rapier "Boll" {spect, Drain rElec Will+
                  | Stlth+}
 21814 | D:13     | Reached skill level 1 in Shields
 21817 | D:13     | Noticed Lodul
 21824 | D:13     | Reached skill level 5 in Shapeshifting
 21825 | D:13     | Killed Lodul
 21827 | D:13     | Reached ***** piety under Vehumet
 21833 | D:13     | Found a gate to the Vaults.
 21834 | D:13     | Offered knowledge of Spellforged Servitor by Vehumet.
 22933 | D:13     | Found a snail-covered altar of Cheibriados.
 23140 | D:13     | Reached skill level 1 in Summonings
 24355 | D:13     | Reached XP level 14. HP: 80/80 MP: 27/33
 26025 | D:15     | Entered Level 15 of the Dungeon
 26163 | D:15     | Noticed Azrael
 26754 | Lair:5   | Learned a level 7 spell: Spellforged Servitor
 27215 | Orc:1    | Entered Level 1 of the Orcish Mines
 27438 | Orc:2    | Entered Level 2 of the Orcish Mines
 27627 | Orc:2    | Offered knowledge of Fulminant Prism by Vehumet.
 27730 | Orc:2    | Found Catue's Distillery.
 28113 | Orc:2    | Reached skill level 10 in Dodging
 28332 | Orc:2    | Found Wafatoeh's General Store.
 28447 | Orc:2    | Found a staircase to the Elven Halls.
 29186 | Orc:2    | Noticed an orc warlord
 29193 | Orc:2    | Killed an orc warlord
 29456 | Orc:2    | Found Vogydaj's Antique Armour Emporium.
 29460 | Orc:2    | Offered knowledge of Starburst by Vehumet.
 29494 | Orc:2    | Found Fipsih's Antique Weapon Shoppe.
 29516 | Orc:2    | Bought a heavily jewelled robe for 159 gold pieces
 29516 | Orc:2    | Identified the +1 robe of Shadows and Fog {Dex+4} (You
                  | bought it in a shop on level 2 of the Orcish Mines)
 29516 | Orc:2    | Bought a pair of steaming gloves for 266 gold pieces
 29516 | Orc:2    | Identified the +1 pair of gloves of the Vaults {rPois
                  | Will+} (You bought it in a shop on level 2 of the Orcish
                  | Mines)
 29516 | Orc:2    | Bought a runed robe for 103 gold pieces
 29516 | Orc:2    | Bought a shiny orb for 336 gold pieces
 29516 | Orc:2    | Bought an embroidered cloak for 210 gold pieces
 31288 | Lair:5   | Learned a level 4 spell: Iskenderun's Mystic Blast
 31677 | Lair:5   | Reached XP level 15. HP: 55/86 MP: 25/35
 31893 | Lair:5   | Reached skill level 5 in Summonings
 32262 | Lair:5   | Identified the +10 flail of Ykue {heavy, Contam rPois rC++
                  | Str+3}
 32515 | Lair:5   | Found a runed translucent door.
 32713 | Lair:5   | Reached skill level 15 in Spellcasting
 33198 | Lair:5   | Offered knowledge of Fireball by Vehumet.
 33555 | Spider:1 | Entered Level 1 of the Spider Nest
 33989 | D:9      | Bought a manual of Spellcasting for 1200 gold pieces
 34128 | Spider:1 | Identified the +5 short sword of Xifi {holy, Contam *Slow
                  | rF+ Str+4 Stlth+}
 34667 | Spider:1 | Learned a level 2 spell: Blink
 35142 | Spider:2 | Reached skill level 1 in Translocations
 35878 | Spider:2 | Offered knowledge of Conjure Ball Lightning by Vehumet.
 36338 | Spider:2 | Noticed an emperor scorpion
 36343 | Spider:2 | Killed an emperor scorpion
 36931 | Spider:3 | Reached XP level 16. HP: 59/94 MP: 14/38
 37229 | Spider:3 | Found a runed translucent gate.
 37230 | Spider:3 | Found a runed translucent gate.
 37230 | Spider:3 | Found a runed translucent gate.
 37232 | Spider:3 | Noticed yakattack's ghost (adept VSWn)
 38248 | Spider:3 | Offered knowledge of Irradiate by Vehumet.
 39166 | Spider:4 | Entered Level 4 of the Spider Nest
 40310 | Spider:4 | Reached skill level 10 in Shapeshifting
 40721 | Spider:4 | Noticed Arachne
 40727 | Spider:4 | Killed Arachne
 41101 | Spider:4 | Got a gossamer rune of Zot
 41391 | Spider:4 | Reached skill level 15 in Conjurations
 41971 | D:9      | Bought a book of the Moon for 600 gold pieces
 41980 | D:9      | Learned a level 8 spell: Lehudib's Crystal Spear
 42075 | Shoals:1 | Entered Level 1 of the Shoals
 42119 | Shoals:1 | Noticed Aizul
 42120 | Shoals:1 | Upgraded the game from 0.31-a0-626-g8143ab4 to
                  | 0.31-a0-627-gd65175c
 42129 | Shoals:1 | Killed Aizul
 42607 | Shoals:1 | Noticed a kraken
 42613 | Shoals:1 | Killed a kraken
 42739 | Shoals:1 | Noticed a kraken
 42744 | Shoals:1 | Killed a kraken
 42745 | Shoals:1 | Reached XP level 17. HP: 101/101 MP: 14/42
 43244 | Shoals:1 | Noticed a kraken
 43265 | Shoals:1 | Killed a kraken
 43266 | Shoals:1 | Reached skill level 10 in Fighting
 43430 | Shoals:1 | Noticed a kraken
 43436 | Shoals:1 | Killed a kraken
 43598 | Shoals:1 | Offered knowledge of Ignition by Vehumet.
 44817 | Shoals:2 | Identified the +5 mace of the Enfolding Bear {freeze, rPois
                  | rN+ SInv}
 45523 | Shoals:2 | Learned a level 8 spell: Ignition
 45733 | Shoals:3 | Reached skill level 1 in Fire Magic
 46677 | Shoals:3 | Noticed Ilsuiw
 46684 | Shoals:3 | Reached skill level 1 in Armour
 46697 | Shoals:3 | Killed Ilsuiw
 47411 | Shoals:4 | Entered Level 4 of the Shoals
 47500 | Shoals:4 | Paralysed by an air elemental for 1 turns
 47503 | Shoals:4 | Reached ****** piety under Vehumet
 47904 | Shoals:4 | Found a blossoming altar of Fedhas.
 48079 | Shoals:4 | Reached skill level 5 in Fire Magic
 48408 | Shoals:4 | Paralysed by an air elemental for 1 turns
 48705 | Shoals:4 | Reached XP level 18. HP: 84/107 MP: 25/45
 48788 | Shoals:4 | Got a barnacled rune of Zot
 48791 | Shoals:4 | Got the Disquisition on Coordinates
 48793 | Shoals:4 | Got the Guide on the Violent Legion
 48795 | Shoals:4 | Got the Secrets of the Apothecary
 49345 | Shoals:4 | Identified the +0 plate armour of the Tired Dancing Beds
                  | {rElec Slay+2}
 49712 | D:15     | Offered knowledge of Shatter by Vehumet.
 49712 | D:15     | Offered knowledge of Chain Lightning by Vehumet.
 49712 | D:15     | Offered knowledge of Polar Vortex by Vehumet.
 49808 | D:15     | Noticed Louise
 49814 | D:15     | Noticed Kirke
 49815 | D:15     | Killed Louise
 49817 | D:15     | Killed Kirke
 50236 | D:15     | Identified the +5 rapier "Mide" {heavy, rF+ Will+ Int-3
                  | Dex+2}
 50313 | D:15     | Killed Azrael
 50736 | D:15     | Noticed Josephine
 50738 | D:15     | Killed Josephine
 50970 | D:15     | Got the Exposition on Phantasms
 51072 | D:15     | Identified the +6 dagger of Disembowelment {chaos, rC+}
 51261 | D:15     | Found a staircase to the Depths.
 51545 | Vaults:1 | Entered Level 1 of the Vaults
 51982 | Vaults:1 | Found a runed translucent door.
 51982 | Vaults:1 | Noticed Xihuodghy's ghost (adept MiBe)
 52116 | Orc:2    | Bought a book of Alchemy for 420 gold pieces
 52119 | Orc:2    | Learned a level 2 spell: Sublimation of Blood
 53971 | Vaults:2 | Reached XP level 19. HP: 112/112 MP: 23/47
 54935 | Vaults:2 | Noticed Margery
 54941 | Vaults:2 | Killed Margery
 55246 | Vaults:2 | Identified the +9 dagger of the Shimmering Hawk {drain,
                  | Will+}
 55334 | Vaults:2 | Found a staircase to the Crypt.
 55334 | Vaults:2 | Found a basalt altar of Yredelemnul.
 55334 | Vaults:2 | Found an ancient bone altar of Kikubaaqudgha.
 56462 | Vaults:3 | Learned a level 9 spell: Shatter
 57190 | Vaults:3 | You fall into a shaft and drop 1 floor!
 58049 | Vaults:3 | Reached XP level 20. HP: 117/117 MP: 12/49
 59629 | Vaults:4 | Found Nera's Antique Armour Emporium.
 60379 | Elf:1    | Entered Level 1 of the Elven Halls
 60699 | Elf:1    | Found Wosarch's Antique Armour Emporium.
 61046 | Elf:1    | Found Vunkigew's Weapon Boutique.
 61654 | Elf:1    | You fall into a shaft and drop 1 floor!
 61700 | Elf:2    | Found a runed translucent gate.
 61700 | Elf:2    | Found a runed translucent gate.
 61701 | Elf:2    | Found a runed translucent gate.
 61783 | Elf:2    | Found Qumev's Antique Weapon Shop.
 61788 | Elf:2    | Paralysed by an air elemental for 1 turns
 62193 | Elf:1    | Got the Compendium of Despicable Spells
 62671 | Elf:2    | Got Ucragial's Vellum of Phantasms
 62722 | Elf:2    | Found a shimmering blue altar of Sif Muna.
 63610 | Elf:3    | Entered Level 3 of the Elven Halls
 64138 | Elf:3    | Reached XP level 21. HP: 123/123 MP: 24/51
 64167 | Elf:3    | Noticed Saint Roka
 64252 | Elf:3    | Killed Saint Roka
 64258 | Elf:3    | Reached skill level 15 in Shapeshifting
 64277 | Elf:3    | Identified the +4 war axe of the Squeaky God {pain, *Rage
                  | rF+ Str+9 Dex+6}
 64277 | Elf:3    | Identified the ring "Ryabostri" {rPois Str+6 Int+5}
 64453 | Elf:3    | Identified the ring "Vet Zonkeuc" {rPois Dex+4}
 64766 | Elf:3    | Identified the +4 quarterstaff of Valour {freeze, Contam
                  | *Rage rElec rF+++}
 64766 | Elf:3    | Identified the ring "Xoseerok" {rC+ rN+ Will- Int+6}
 64786 | Elf:3    | Identified the ring of the Empire {Wiz *Corrode rPois rC+
                  | Slay+3}
 65080 | Elf:3    | Identified the +7 arbalest "Cunyiryi" {freeze, rElec rCorr
                  | Str+2}
 65083 | Elf:3    | Identified the ring "Yretawup" {Fly Will- Str+4 Slay+3}
 65104 | Elf:3    | Identified the +1 falchion "Doim" {spect, rF+ rCorr Int-5
                  | Dex+2}
 65110 | Elf:3    | Identified the staff of Mastery {rPois rN+ Int+3 Poison}
 65147 | Elf:3    | Identified the +5 orcbow "Newtslayer" {drain, Str+3}
 65547 | Depths:1 | Entered Level 1 of the Depths
 65938 | Depths:1 | Found Puculunk's Book Boutique.
 65941 | Depths:1 | Found Iciats Qoxt's Jewellery Shop.
 65942 | Depths:1 | Found Ytytusmopn's Distillery.
 65987 | Depths:1 | Bought a granite talisman for 1440 gold pieces
 66385 | Depths:1 | Reached skill level 15 in Dodging
 66488 | Depths:1 | Reached skill level 5 in Air Magic
 66851 | Depths:1 | Found a gateway to Hell.
 67237 | Depths:1 | Found a one-way gate leading to the halls of Pandemonium.
 67464 | Depths:2 | Found Qoonu's Jewellery Emporium.
 67496 | Depths:2 | Found a one-way gateway to a ziggurat.
 67891 | Depths:2 | Noticed a juggernaut
 67896 | Depths:2 | Killed a juggernaut
 68063 | Depths:2 | Reached XP level 22. HP: 132/132 MP: 50/52
 68566 | Depths:2 | Noticed a juggernaut
 68570 | Depths:2 | Killed a juggernaut
 68637 | Depths:2 | Noticed a golden dragon
 68773 | Depths:2 | Killed a golden dragon
 69096 | Depths:2 | Noticed a juggernaut
 69101 | Depths:2 | Killed a juggernaut
 69450 | Depths:2 | Identified the +6 scale mail of Lash {Str+5}
 69541 | Depths:3 | Found a one-way gate to the infinite horrors of the Abyss.
 69781 | Depths:3 | Noticed a golden dragon
 69784 | Depths:3 | Found a sparkling altar of Nemelex Xobeh.
 69784 | Depths:3 | Found a snail-covered altar of Cheibriados.
 69977 | Depths:3 | Identified the ring "Xoedaij" {rC- AC+4 Str+5 Dex+5}
 70248 | Depths:3 | Killed a golden dragon
 70481 | Depths:3 | Found a runed translucent gate.
 70482 | Depths:3 | Found a runed translucent gate.
 70483 | Depths:3 | Noticed Plog's ghost (veteran DsAK)
 70483 | Depths:3 | Found a runed translucent gate.
 70643 | Depths:3 | Found a shimmering altar of Xom.
 70643 | Depths:3 | Found a blossoming altar of Fedhas.
 70703 | Depths:4 | Entered Level 4 of the Depths
 70762 | Depths:4 | Found a magical portal.
 70767 | WizLab   | Entered Eringya's Formal Garden
 71345 | WizLab   | Found a blossoming altar of Fedhas.
 71583 | Depths:4 | Noticed a juggernaut
 71585 | Depths:4 | Reached XP level 23. HP: 141/141 MP: 35/54
 71585 | Depths:4 | Killed a juggernaut
 71767 | Depths:4 | Found a gate to the Realm of Zot.
 72670 | Vaults:5 | Entered Level 5 of the Vaults
 72677 | Vaults:5 | Noticed a dread lich
 72681 | Vaults:5 | Killed a dread lich
 72705 | Vaults:5 | Paralysed by an ogre mage for 2 turns
 72814 | Vaults:5 | Noticed an ancient lich
 72814 | Vaults:5 | Noticed an ancient lich
 72816 | Vaults:5 | Killed an ancient lich
 72817 | Vaults:5 | Reached skill level 15 in Fighting
 72817 | Vaults:5 | Killed an ancient lich
 72825 | Vaults:5 | Reached skill level 10 in Air Magic
 73004 | Vaults:5 | Noticed an ancient lich
 73010 | Vaults:5 | Killed an ancient lich
 73021 | Vaults:5 | Reached XP level 24. HP: 150/150 MP: 11/55
 73240 | Vaults:5 | Got the Opusculum on the Summer
 73309 | Vaults:5 | Identified the +0 pair of gloves of Modesty {rC- Will++
                  | Slay+5}
 73313 | Vaults:5 | Got a silver rune of Zot
 73359 | Vaults:5 | Identified the staff of Righteous Anger {rF+ Int+2 Dex-5
                  | Stlth+ Fire}
 73378 | Vaults:5 | Identified the +9 great mace of Elokepn {vamp, +Blink rF+
                  | Int-2}
 73730 | Vaults:5 | Identified a scroll of acquirement
 73734 | Vaults:5 | Identified the +0 chain mail "Peykis" {Regen+}
 73742 | Vaults:5 | Identified the +3 long sword of Defiance {flame, Fly rF-
                  | rC++ rCorr}
 73794 | Vaults:5 | Identified the +2 trident "Offibuxa" {antimagic, Contam
                  | rElec rF+}
 74374 | Depths:2 | Bought an amulet of faith for 560 gold pieces
 74447 | Depths:1 | Bought a book of Cantrips for 180 gold pieces
 74449 | Depths:1 | Learned a level 1 spell: Apportation
 74495 | Depths:3 | Acquired 1037 gold pieces
 74498 | Depths:3 | Voluntarily entered the Abyss.
 74530 | Abyss:2  | Found a corrupted altar of Lugonu.
 74624 | Abyss:3  | Got an abyssal rune of Zot
 74649 | Depths:3 | Escaped the Abyss
 75256 | Crypt:1  | Entered Level 1 of the Crypt
 75531 | Crypt:1  | Reached skill level 27 in Spellcasting
 75750 | Crypt:1  | Noticed a royal mummy
 75757 | Crypt:1  | Killed a royal mummy
 76157 | Crypt:1  | Noticed a royal mummy
 76162 | Crypt:1  | Killed a royal mummy
 76163 | Crypt:1  | Noticed a royal mummy
 76170 | Crypt:1  | Killed a royal mummy
 76174 | Crypt:1  | Found the +7 sceptre of Torment {pain, torment}
 76891 | Crypt:2  | Reached skill level 10 in Fire Magic
 77772 | Crypt:3  | Entered Level 3 of the Crypt
 77972 | Crypt:3  | Noticed Vv
 77979 | Crypt:3  | Killed Vv
 78204 | Crypt:3  | Identified the +1 robe "Wutrooja" {rElec rC+++ rN++ Int-5}
 78261 | Crypt:3  | Got the Information on Shifting Anathema
 78262 | Crypt:3  | Identified the +0 short sword of Linearity {spect, rElec
                  | rC- Int+4}
 78506 | Crypt:3  | Found a staircase to the Tomb.
 78530 | Crypt:3  | Identified the ring "Ifobeug" {+Blink rC+ rN+ Str+4}
 78530 | Crypt:3  | Identified the ring "Biuxkut" {Fly rElec rPois rN+ Slay-6}
 78821 | Crypt:3  | Identified the +0 pair of gloves "Ofrerphy" {Int+3}
 79164 | Crypt:3  | Found an ancient bone altar of Kikubaaqudgha.
 79168 | Crypt:3  | Noticed an ancient lich
 79174 | Crypt:3  | Killed an ancient lich
 79261 | Crypt:3  | Identified the ring of Igenytoc {rPois rN+ Will+ Dex+4
                  | Slay+2}
 79550 | Crypt:3  | Reached XP level 25. HP: 156/156 MP: 45/56
 80470 | Slime:5  | Entered Level 5 of the Pits of Slime
 80810 | Slime:5  | Found a viscous altar of Jiyva.
 80886 | Slime:5  | Found the +8 autumn katana {manifold assault}
 80896 | Slime:5  | Gained mutation: Potions are less effective at restoring
                  | your health. [a shining eye]
 80906 | Slime:5  | Gained mutation: Your flesh is heat resistant. (rF+) [a
                  | shining eye]
 80916 | Slime:5  | Noticed the Royal Jelly
 80917 | Slime:5  | Gained mutation: You occasionally lose the ability to drink
                  | potions when taking damage. [a shining eye]
 80918 | Slime:5  | Gained mutation: You do not regenerate when monsters are
                  | visible. [a shining eye]
 80925 | Slime:5  | Killed the Royal Jelly
 81074 | Slime:5  | Got a slimy rune of Zot
 81089 | Slime:5  | Got Kehita Ystre's Directory of Nausea and Pyromania
 81126 | Slime:5  | Identified the +1 pair of boots "Uhekhor" {Regen+}
 81164 | Slime:5  | Identified the +0 robe "Lianumukh" {rF++ rC+ Regen+ Slay-2}
 81166 | Slime:5  | Identified the +0 leather armour of Sin {Str+3 Dex+2}
 81237 | Slime:5  | Identified the +3 halberd of the Hawk {venom, Contam rN+
                  | Str+3 Int+3}
 81243 | Slime:5  | Got the Tome of the Cloudy Dragon
 81264 | Slime:5  | Identified the +4 flail of the Past {flame, rC+}
 81421 | Lair:4   | Lost mutation: Your flesh is heat resistant. (rF+) [potion
                  | of mutation]
 81421 | Lair:4   | Lost mutation: You do not regenerate when monsters are
                  | visible. [potion of mutation]
 81421 | Lair:4   | Lost mutation: Potions are less effective at restoring your
                  | health. [potion of mutation]
 81421 | Lair:4   | Gained mutation: You are somewhat resistant to further
                  | mutation. [potion of mutation]
 81421 | Lair:4   | Gained mutation: You are frail. (-10% HP) [potion of
                  | mutation]
 81422 | Lair:4   | Lost mutation: You are frail. (-10% HP) [potion of
                  | mutation]
 81422 | Lair:4   | Lost mutation: You occasionally lose the ability to drink
                  | potions when taking damage. [potion of mutation]
 81915 | Zot:1    | Entered Level 1 of the Realm of Zot
 83091 | Zot:1    | Upgraded the game from 0.31-a0-627-gd65175c to
                  | 0.31-a0-633-g82435fa
 83443 | Zot:2    | Learned a level 9 spell: Chain Lightning
 83685 | Zot:2    | Noticed an orb of fire
 84007 | Zot:2    | Reached XP level 26. HP: 161/161 MP: 18/56
 84093 | Zot:2    | Learned a level 5 spell: Borgnjor's Vile Clutch
 84095 | Zot:2    | Identified the +6 falchion of Insufficient Pleasure {drain,
                  | Str+2}
 84580 | Zot:3    | Reached skill level 15 in Air Magic
 84652 | Zot:3    | Identified the +8 plate armour of Inquiry {Rampage rF+
                  | MP+9}
 87216 | Zig:1    | Entered Level 1 of a ziggurat
 87248 | Zig:2    | Entered Level 2 of a ziggurat
 87263 | Zig:3    | Entered Level 3 of a ziggurat
 87302 | Zig:4    | Entered Level 4 of a ziggurat
 87348 | Zig:5    | Entered Level 5 of a ziggurat
 87366 | Zig:5    | Identified the +11 quarterstaff of Resourcefulness {venom,
                  | *Rage Will++ Str+5}
 87402 | Zig:6    | Entered Level 6 of a ziggurat
 87448 | Zig:6    | Identified the ring of the Clean Apple {Fire rElec rN+
                  | Slay-5 SInv}
 87454 | Zig:6    | Reached XP level 27. HP: 166/166 MP: 56/56
 87458 | Zig:7    | Entered Level 7 of a ziggurat
 87463 | Zig:7    | Noticed an ancient lich
 87466 | Zig:7    | Killed an ancient lich
 87483 | Zig:7    | Identified the +3 mace "Kurium" {venom, rPois rF+++ rC+
                  | Str+2}
 87484 | Zig:7    | Identified the +7 great mace of Nanalaonu {drain, rF+++
                  | Int-5 SInv}
 87491 | Zig:8    | Entered Level 8 of a ziggurat
 87578 | Zig:9    | Entered Level 9 of a ziggurat
 87591 | Zig:9    | Reached skill level 5 in Ice Magic
 87605 | Zig:9    | Identified the +8 mace of Gyrr {freeze, +Blink Stlth+}
 87617 | Zig:9    | Learned a level 5 spell: Yara's Violent Unravelling
 87638 | Zig:10   | Entered Level 10 of a ziggurat
 87673 | Zig:10   | Got the Folio of Scorched Composition
 87683 | Zig:10   | Identified the staff of the Gazing Gods {rElec rPois rF+
                  | rC++ Int-3 Air}
 87688 | Zig:10   | Identified the staff of the Sixty-Six Quests {rC+ Str+5
                  | Necro Ice}
 87745 | Zig:11   | Entered Level 11 of a ziggurat
 87756 | Zig:11   | Noticed a juggernaut
 87760 | Zig:11   | Killed a juggernaut
 87837 | Zig:11   | Identified the +5 leather armour of the Cockatrice {Drain
                  | rPois rCorr Str-4}
 87846 | Zig:11   | Got the Parchment of Conjuration and the Glacier
 87851 | Zig:11   | Identified the +2 glaive "Cufuzomo" {flame, rCorr}
 87895 | Zig:12   | Entered Level 12 of a ziggurat
 87960 | Zig:12   | Identified the +3 pair of gloves of Foer {rElec}
 87993 | Zig:12   | Identified the +8 longbow of the Charming Gods {speed, rF-
                  | rC+ Stlth+}
 88029 | Zig:12   | Identified the +6 giant spiked club of Scorn {protect,
                  | rPois rC+ Dex+3}
 88033 | Zig:13   | Entered Level 13 of a ziggurat
 88083 | Zig:13   | Identified the +5 falchion of Wucraupi {pain, +Blink rF++
                  | Int-4 Stlth+}
 88088 | Zig:13   | Identified the +0 plate armour of Chimes {Rampage}
 88095 | Zig:13   | Identified the +2 scimitar of Nytos {heavy, MP-9 Int+3
                  | Dex+4}
 88106 | Zig:13   | Identified the amulet of Esikit {Faith rN+}
 88156 | Zig:14   | Entered Level 14 of a ziggurat
 88172 | Zig:14   | Noticed Voathr Xeann the pandemonium lord
 88175 | Zig:14   | Killed Voathr Xeann the pandemonium lord
 88216 | Zig:14   | Identified the +3 plate armour of the Komodo Dragon {+Inv}
 88288 | Zig:14   | Reached skill level 15 in Ice Magic
 88307 | Zig:14   | Learned a level 9 spell: Polar Vortex
 88308 | Zig:15   | Entered Level 15 of a ziggurat
 88314 | Zig:15   | Noticed an orb of fire
 88318 | Zig:15   | Killed an orb of fire
 88480 | Zig:16   | Entered Level 16 of a ziggurat
 88620 | Zig:16   | Found the +2 pair of slick slippers {slick, slippery, EV+4}
 88635 | Zig:16   | Identified the +1 leather armour of Indomitability {Will+}
 88694 | Zig:17   | Entered Level 17 of a ziggurat
 88723 | Zig:17   | Noticed a royal mummy
 88727 | Zig:17   | Killed a royal mummy
 88728 | Zig:17   | Noticed a royal mummy
 88731 | Zig:17   | Noticed a royal mummy
 88731 | Zig:17   | Noticed a royal mummy
 88735 | Zig:17   | Killed a royal mummy
 88736 | Zig:17   | Killed a royal mummy
 88736 | Zig:17   | Killed a royal mummy
 88873 | Zig:18   | Entered Level 18 of a ziggurat
 88897 | Zig:18   | Noticed a royal mummy
 88899 | Zig:18   | Noticed a royal mummy
 88899 | Zig:18   | Noticed a royal mummy
 88900 | Zig:18   | Noticed a royal mummy
 88902 | Zig:18   | Killed a royal mummy
 88902 | Zig:18   | Noticed a royal mummy
 88902 | Zig:18   | Noticed a royal mummy
 88903 | Zig:18   | Killed a royal mummy
 88905 | Zig:18   | Killed a royal mummy
 88905 | Zig:18   | Killed a royal mummy
 88909 | Zig:18   | Killed a royal mummy
 88960 | Zig:18   | Killed a royal mummy
 89083 | Zig:18   | Found the ring of the Tortoise {AC+8}
 89193 | Zig:19   | Entered Level 19 of a ziggurat
 89203 | Zig:19   | Noticed an ancient lich
 89208 | Zig:19   | Noticed a dread lich
 89211 | Zig:19   | Killed an ancient lich
 89220 | Zig:19   | Killed a dread lich
 89351 | Zig:19   | Identified the +1 shortbow "Jepiasa" {heavy, rN+ Dex+2}
 89354 | Zig:19   | Identified the +9 battleaxe "Aqokk" {flame, +Blink Fly
                  | rElec}
 89386 | Zig:19   | Identified the amulet of Paranoia {Acrobat rC++}
 89439 | Zig:20   | Entered Level 20 of a ziggurat
 89617 | Zig:20   | Found the +2 hat of the Bear Spirit {Spirit, Bear, *Rage
                  | Will++}
 89629 | Zig:20   | Identified the +0 short sword of Miucam {speed, rElec
                  | Will+++ SInv Stlth-}
 89637 | Zig:20   | Identified the +5 scimitar of the Mouth {flame, *Rage rPois
                  | Dex+2 SInv}
 89638 | Zig:20   | Identified the +1 dire flail "Ytyol" {antimagic, rN+ Dex+3
                  | Stlth-}
 89730 | Zig:21   | Entered Level 21 of a ziggurat
 89765 | Zig:21   | Paralysed by an air elemental for 1 turns
 89970 | Zig:21   | Identified the ring of Bienablurgh {rF+ Will++ AC+4 Int-4
                  | Stlth+}
 89989 | Zig:21   | Identified the +4 ring mail of Enel {rF- rN+ SInv}
 89994 | Zig:21   | Identified the +4 sling of Biratz {freeze, rElec rC- rN+}
 90081 | Zig:22   | Entered Level 22 of a ziggurat
 90124 | Zig:22   | Reached skill level 1 in Evocations
 90198 | Zig:22   | Identified the ring of Enixor {Fire +Blink}
 90206 | Zig:22   | Identified the +6 chain mail of Space {rPois Dex+2}
 90213 | Zig:22   | Identified the +9 plate armour of the Chupacabra {Will+
                  | MP+9}
 90222 | Zig:22   | Identified the +1 falchion of Vanity {heavy, Drain rF++
                  | Dex+4}
 90225 | Zig:22   | Identified the ring of Zod Tooj {Will- AC+4 Str+5 Int+4}
 90236 | Zig:23   | Entered Level 23 of a ziggurat
 90386 | Zig:23   | Identified the +0 leather armour of Otrahoes {rCorr Slay+3}
 90399 | Zig:23   | Identified the +8 trident of Defilement {venom, Contam Fly
                  | MP+9 Int+3}
 90400 | Zig:23   | Identified the staff of the Absolute Madman {Fragile rElec
                  | rCorr SInv Air}
 90406 | Zig:23   | Identified the +3 hand axe "Testudineslayer" {venom, *Slow
                  | rElec Str+5}
 90517 | Zig:24   | Entered Level 24 of a ziggurat
 90563 | Zig:24   | Reached skill level 5 in Evocations
 90712 | Zig:24   | Identified the +2 pair of boots "Juimuog" {+Blink}
 90715 | Zig:24   | Identified the +0 cloak of Geampip {rC+ Regen+}
 90721 | Zig:24   | Identified the ring of Secrets {rCorr Dex+3}
 90724 | Zig:24   | Identified the +0 helmet "Zeicsen" {Rampage Fly Regen+
                  | Str+6}
 90735 | Zig:24   | Identified the +11 great sword of Wisdom {pain, Int+3}
 90737 | Zig:24   | Identified the +11 mace of Koucwiwn {venom, rF+}
 90738 | Zig:24   | Identified the +1 mace of Seolamua {elec, rElec rPois rF+
                  | Int+5}
 90819 | Zig:25   | Entered Level 25 of a ziggurat
 90938 | Zig:25   | Found the +5 Lochaber axe {reach-cleave, Poleaxe Drain}
 90954 | Zig:25   | Identified the +1 leather armour "Cihamyu" {rElec rCorr}
 90958 | Zig:25   | Identified the ring "Tith" {rF+ Int+6}
 90962 | Zig:25   | Identified the +3 falchion of Certain Death {freeze, MP-9
                  | Int+5}
 90968 | Zig:25   | Identified the +7 glaive of Yhysk {protect, rElec}
 91088 | Zig:26   | Entered Level 26 of a ziggurat
 91212 | Zig:26   | Identified the ring "Kiluca" {rElec rC+ rN+ Str+3 Dex-4}
 91219 | Zig:26   | Identified the staff "Ycinuyl" {rElec Conj Fire}
 91230 | Zig:26   | Identified the ring of the Ban {rElec rPois}
 91246 | Zig:26   | Identified the +0 ring mail of the Yeti {rElec}
 91353 | Zig:27   | Entered Level 27 of a ziggurat
 91381 | Zig:27   | Noticed an ancient lich
 91383 | Zig:27   | Killed an ancient lich
 91532 | Zig:27   | Found the +2 shield of Resistance {rF++ rC++ Will++}
 91536 | Zig:27   | Found the +8 trishula "Condemnation" {holy, anguish, *Noise
                  | Fly rN+}
 91545 | Zig:27   | Identified the +4 whip of Neshreetou {elec, rC+ Str+3
                  | Dex+2}
 91546 | Zig:27   | Identified the +6 rapier "Wuexyp Modd" {vamp, *Corrode
                  | Dex+6}
 91547 | Zig:27   | Identified the +3 mace "Dantaq" {heavy, rC+ rN+ MP-9}
 91561 | Zig:27   | Identified the +5 shortbow of Strategic Superiority {flame,
                  | rElec rF+ rC- Dex+4}
 91575 | Zig:27   | Identified the staff of the Silent Majority {rPois rF+
                  | Str+4 Poison}
 92494 | Depths:1 | Bought a potion of enlightenment for 100 gold pieces
 92494 | Depths:1 | Bought a potion of curing for 60 gold pieces
 92494 | Depths:1 | Bought a potion of invisibility for 160 gold pieces
 92494 | Depths:1 | Bought a potion of brilliance for 80 gold pieces
 92494 | Depths:1 | Bought a potion of haste for 200 gold pieces
 92494 | Depths:1 | Bought 3 potions of resistance for 600 gold pieces
 92696 | Orc:2    | Bought a potion of magic for 120 gold pieces
 92696 | Orc:2    | Bought a potion of invisibility for 120 gold pieces
 92696 | Orc:2    | Bought a potion of magic for 120 gold pieces
 92696 | Orc:2    | Bought a potion of brilliance for 60 gold pieces
 92825 | Lair:3   | Killed Ybabroo's ghost
 93236 | Pan      | Entered Pandemonium
 93451 | Pan      | Reached skill level 10 in Evocations
 93675 | Pan      | Noticed Fustre Kaunu the pandemonium lord
 93681 | Pan      | Killed Fustre Kaunu the pandemonium lord
 93702 | Pan      | Got a demonic rune of Zot
 93711 | Pan      | Acquired 884 gold pieces
 93928 | Pan      | Noticed Mawor the pandemonium lord
 93933 | Pan      | Killed Mawor the pandemonium lord
 94143 | Pan      | Noticed Keumeffo the pandemonium lord
 94146 | Pan      | Killed Keumeffo the pandemonium lord
 94514 | Pan      | Entered the realm of Cerebov.
 94893 | Pan      | Identified the +1 battleaxe of Udowienn {chaos, Dex+3}
 94895 | Pan      | Identified the ring of Salvation {rN+ Int-5 Dex+8}
 94991 | Pan      | Identified the ring "Hasicut" {rPois rF+ rC+ rCorr SInv}
 95004 | Pan      | Identified the +7 chain mail of the Komodo Dragon {rElec
                  | Int+2 Dex+3}
 95078 | Pan      | Identified the ring of Izaunemm {Ice Str+9 Int+3 Dex-2
                  | SInv}
 95078 | Pan      | Found the +6 sword of Cerebov {flame}
 95078 | Pan      | Noticed Cerebov
 95091 | Pan      | Killed Cerebov
 95124 | Pan      | Got a fiery rune of Zot
 95286 | Pan      | Identified the staff "Welurgh" {+Blink rN+ Will++ Int+3
                  | Dex-5 Necro}
 95290 | Pan      | Identified the +6 quarterstaff "Bistreipi" {flame, Fly
                  | rCorr Str+3}
 95292 | Pan      | Identified the +3 shortbow "Qiz Gus" {elec, rElec Int+3}
 95456 | Pan      | Reached skill level 1 in Staves
 95830 | Pan      | Entered the realm of Mnoleg.
 96068 | Pan      | Noticed Mnoleg
 96075 | Pan      | Killed Mnoleg
 96087 | Pan      | Reached skill level 5 in Staves
 96092 | Pan      | Reached skill level 15 in Fire Magic
 96198 | Pan      | Got a glowing rune of Zot
 96272 | Pan      | Entered the realm of Gloorx Vloq.
 96615 | Pan      | Noticed Gloorx Vloq
 96622 | Pan      | Killed Gloorx Vloq
 96638 | Pan      | Got a dark rune of Zot
 97239 | Pan      | Noticed Mennas
 97255 | Pan      | Noticed Duzaz the pandemonium lord
 97256 | Pan      | Killed Mennas
 97259 | Pan      | Killed Duzaz the pandemonium lord
 97465 | Pan      | Entered the realm of Lom Lobon.
 97465 | Pan      | Noticed Lom Lobon
 97831 | Pan      | Killed Lom Lobon
 97856 | Pan      | Got a magical rune of Zot
 98017 | Pan      | Found an exit through the horrors of the Abyss.
 98262 | Pan      | Took an exit into the Abyss.
 98262 | Abyss:3  | Escaped into the Abyss
 98287 | Depths:1 | Escaped the Abyss
 98695 | Tomb:1   | Entered Level 1 of the Tomb of the Ancients
 98884 | Tomb:1   | Noticed a royal mummy
 98887 | Tomb:1   | Killed a royal mummy
 98897 | Tomb:1   | Noticed a royal mummy
 98901 | Tomb:1   | Killed a royal mummy
 98906 | Tomb:1   | Noticed a royal mummy
 98910 | Tomb:1   | Killed a royal mummy
 99254 | Tomb:2   | Noticed a royal mummy
 99255 | Tomb:2   | Noticed a royal mummy
 99255 | Tomb:2   | Noticed a royal mummy
 99256 | Tomb:2   | Noticed a royal mummy
 99257 | Tomb:2   | Killed a royal mummy
 99259 | Tomb:2   | Killed a royal mummy
 99260 | Tomb:2   | Killed a royal mummy
 99262 | Tomb:2   | Killed a royal mummy
 99368 | Tomb:2   | HP: 4/182 [dire elephant zombie (13)]
100685 | Tomb:3   | Entered Level 3 of the Tomb of the Ancients
100693 | Tomb:3   | Reached skill level 10 in Staves
100698 | Tomb:3   | Noticed a royal mummy
100699 | Tomb:3   | Noticed a royal mummy
100702 | Tomb:3   | Killed a royal mummy
100704 | Tomb:3   | Killed a royal mummy
100709 | Tomb:3   | Noticed a royal mummy
100712 | Tomb:3   | Killed a royal mummy
100731 | Tomb:3   | Noticed a royal mummy
100736 | Tomb:3   | Killed a royal mummy
100745 | Tomb:3   | Noticed a royal mummy
100746 | Tomb:3   | Noticed a royal mummy
100748 | Tomb:3   | Noticed a royal mummy
100750 | Tomb:3   | Noticed a royal mummy
100751 | Tomb:3   | Killed a royal mummy
100751 | Tomb:3   | Killed a royal mummy
100753 | Tomb:3   | Killed a royal mummy
100756 | Tomb:3   | Killed a royal mummy
100756 | Tomb:3   | Lost strength.
100773 | Tomb:3   | Found the +7 great mace "Undeadhunter" {deathbane, rN+}
100825 | Tomb:3   | Identified the +0 ring mail of the Rhinotaur {Rampage rC++
                  | Will+}
100842 | Tomb:3   | Identified the +0 scale mail "Xoynolad" {Int+2}
100848 | Tomb:3   | Identified the +6 morningstar of the Witching Ancients
                  | {protect, rF+ Will+ Str+3}
100858 | Tomb:3   | Identified the +6 long sword of Cyjipta {pain, Str+6}
100912 | Tomb:3   | Identified the amulet "Harhoiwk" {Faith Rampage *Corrode
                  | Will+}
101126 | Tomb:3   | Got a golden rune of Zot
101673 | Hell     | Entered the Vestibule of Hell
101673 | Hell     | Noticed Geryon
101679 | Hell     | Killed Geryon
101679 | Hell     | Noticed Murray
101684 | Hell     | Killed Murray
101880 | Hell     | Reached skill level 27 in Dodging
102122 | Hell     | Found a gateway to the freezing wastes of Cocytus.
102194 | Hell     | Found a gateway to the decaying netherworld of Tartarus.
102251 | Hell     | Found a gateway to the ashen valley of Gehenna.
102330 | Coc:1    | Entered Level 1 of Cocytus
102508 | Coc:3    | Paralysed by a wendigo for 1 turns
102815 | Coc:7    | Entered Level 7 of Cocytus
102903 | Coc:7    | Paralysed by a wendigo for 1 turns
103091 | Coc:7    | Paralysed by a wendigo for 1 turns
103193 | Coc:7    | Noticed Antaeus
103195 | Coc:7    | Upgraded the game from 0.31-a0-633-g82435fa to
                  | 0.31-a0-636-ge1c0e02
103227 | Zig:1    | Entered Level 1 of a ziggurat
103545 | Coc:7    | Killed Antaeus
103567 | Coc:7    | Got an icy rune of Zot
103572 | Coc:7    | Identified the staff of the Peculiar Runes {rPois rCorr
                  | Int+8 Dex-5 Poison}
103763 | Tar:1    | Entered Level 1 of Tartarus
103763 | Tar:1    | Lost strength.
104103 | Tar:3    | Noticed an ancient lich
104107 | Tar:3    | Killed an ancient lich
105112 | Tar:5    | Noticed a royal mummy
105115 | Tar:5    | Killed a royal mummy
105454 | Tar:7    | Entered Level 7 of Tartarus
106353 | Tar:7    | Reached skill level 27 in Fighting
106738 | Tar:7    | Noticed Ereshkigal
106760 | Tar:7    | Noticed the Serpent of Hell
106922 | Tar:7    | Killed Ereshkigal
107086 | Tar:7    | Identified the amulet of Doybba {Faith Int+4 Slay+3}
107095 | Tar:7    | Identified the +7 falchion of the Beginning {spect, rN+}
107098 | Tar:7    | Got a bone rune of Zot
107114 | Tar:7    | Identified the +5 ring mail "Kaesugh" {rF+}
107115 | Tar:7    | Identified the +0 steam dragon scales of Magic {Will+}
107116 | Tar:7    | Identified the +9 scale mail of Pantheism {Fly}
107437 | Hell     | Found a gateway to the Iron City of Dis.
107457 | Dis:1    | Entered Level 1 of the Iron City of Dis
107527 | Dis:2    | Found a huge runed gate.
107527 | Dis:2    | Found a huge runed gate.
107527 | Dis:2    | Found a huge runed gate.
107527 | Dis:2    | Found a huge runed gate.
107527 | Dis:2    | Found a huge runed gate.
107660 | Dis:2    | Found a huge runed gate.
107660 | Dis:2    | Found a huge runed gate.
107660 | Dis:2    | Found a huge runed gate.
108110 | Dis:4    | Slain by a caustic shrike

Illustrated notes

Levels and vault maps discovered:
D:1:      evilmike_arrival_plus, layout_basic
D:2:      layout_rooms, serial_glass, glass_columns_b, glass_columns_b,
          chequers_jeans, hangedman_glass_teeth
D:3:      layout_rooms, nicolae_ru_path_of_blood,
          mainiacjoe_overflow_surrounded_room, minmay_snake_closets
D:4:      layout_layer_cave, pdpol_temple_overflow_zin_treasury_gozag_greed,
          serial_shops, shop_scrolls, serial_glass, glass_columns_b,
          glass_columns_c, feat_on_display, item_on_display_a,
          item_on_display_a, corner_web_ring
D:5:      layout_basic, nicolae_overflow_hallway_of_the_gods, uniq_eustachio,
          uniq_grinder
D:6:      layout_loops_cross, mainiacjoe_overflow_tiny_flanked,
          nicolae_shop_vocational, uniq_edmund
D:7:      layout_rooms, minmay_temple_entry_gardened_gates, minivault_26,
          uniq_pikel
D:8:      layout_basic, regret_index_temple_of_mockery, elyvilon_altar_5
D:9:      layout_basic, serial_shops, nicolae_shop_tiny_statue_garden,
          enter_bailey_2, st_stairs_12, minmay_door_square
D:10:     cheibrodos_fzero, layout_loops_ring, erik_lair_island,
          grunt_ogre_cave, amcnicky_mini_pool_small
D:11:     layout_cave_pools
D:12:     layout_layer_cave
D:13:     layout_basic, david_vaults_3, kennysheep_slug_shrine
D:14:     layout_basic, minmay_misc_feat_five
D:15:     grunt_enter_depths_snipers, layout_gridville,
          ebering_dispersal_statue_hall, small_chamber_with_monster,
          uniq_josephine, uniq_kirke, uniq_louise, uniq_azrael
Temple:   hellmonk_temple_rainy
Lair:1:   minmay_lair_venomous_thicket, layout_regular_city
Lair:2:   layout_gridlike, dummy_spider_entry, infiniplex_staircase_pool
Lair:3:   layout_roguey, elwin_shoals_entry_stream,
          gammafunk_ghost_wrathful_warriors, uniq_gastronok
Lair:4:   layout_misc_corridors, slime_entry_1, st_stairs_13,
          grunt_megastairs_4, uniq_sonja
Lair:5:   wormcave, layout_gridlike, hangedman_lair_tendril_chambers,
          special_room [special_room_mythical_zoo]
Shoals:1: nicolae_shoals_lighthouse, layout_shoals, uniq_aizul
Shoals:2: layout_shoals
Shoals:3: layout_shoals, nicolae_shoals_loop_pool, uniq_ilsuiw
Shoals:4: shoals_end_hellmonk_storm_palace [storm_palace_center_circular,
          storm_palace_corner_pillars, storm_palace_corner_altar,
          storm_palace_corner_pillars, storm_palace_corner_pillars]
Spider:1: layout_spider_delve
Spider:2: layout_spider_delve
Spider:3: layout_chambers, ebering_ghost_rock_garden, nicolae_orb_stairs
Spider:4: hellmonk_spider_rune_bug_friends, uniq_arachne
Slime:1:  layout_caves, nicolae_slime_barrier
Slime:2:  cheibrodos_slime_lost_civilization_9, layout_caves
Slime:3:  layout_caves
Slime:4:  layout_caves
Slime:5:  slime_pit_nicolae_block_by_block
Orc:1:    layout_caves
Orc:2:    grunt_orc_community_town_hall, layout_caves,
          grunt_orc_community_big_house_1, grunt_orc_community_big_house_2,
          grunt_orc_community_house_2, grunt_orc_community_house_1,
          grunt_orc_community_house_2, grunt_orc_community_house_1,
          grunt_orc_community_house_1
Elf:1:    elf_arrival_002, layout_gridlike, serial_shops,
          nicolae_shop_dealshenge, nicolae_square_shop, minmay_elf_necromancy,
          st_stairs_1, grunt_megastairs_3
Elf:2:    elven_hall_of_blades_hangedman_original
          [nicolae_blade_entry_floor_patterns], layout_loops_corners,
          portal_ice_cave_entry_pillars_2, basic_altar, serial_shops,
          nicolae_shop_tiny_waterfront, minmay_elf_demonology
Elf:3:    minmay_elf_hall_hex, layout_geoelf_diagonals, uniq_saint_roka
Vaults:1: gammafunk_ghost_grave, v_alt_pattern_1, nicolae_vaults_apartment_2,
          nicolae_vaults_security_offices_1, nicolae_vaults_alarming,
          nicolae_vaults_trapezoid_3, nicolae_vaults_mini_display_case,
          layout_vaults_omnigrid
Vaults:2: v_misc_18, ontoclasm_vaults_hangar, minmay_crypt_entry_necro_gods,
          ontoclasm_vaults_twist, nicolae_vaults_wrenched,
          grunt_vaults_diagonal, nicolae_vaults_sesquioval_fish,
          nicolae_vaults_network_star, grunt_vaults_hallway_short,
          hangedman_vaults_nails, layout_vaults_big_room, uniq_margery
Vaults:3: v_misc_17, nicolae_vaults_stand_back, v_misc_15,
          nicolae_vaults_ellipses_ellipsis, nicolae_vaults_closet_pinwheel_4,
          nicolae_vaults_asterisk, nicolae_vaults_lightning_bolt,
          nicolae_vaults_network_quinsquares
          [nicolae_vaults_network_quincunx_subvault,
          nicolae_vaults_network_quincunx_subvault,
          nicolae_vaults_network_quincunx_subvault,
          nicolae_vaults_network_quincunx_subvault], vaults_dpeg_emergency_exit,
          vaults_dpeg_diagonal, ontoclasm_vaults_claustrophobia,
          hangedman_vaults_capsules, layout_vaults_maze_bifur
Vaults:4: nicolae_vaults_ninety_degrees, nicolae_vaults_octagons,
          nicolae_vaults_twisting_passages, nicolae_vaults_steering_wheel,
          ontoclasm_vaults_eye, nicolae_vaults_octothorpe, v_misc_5,
          vaults_mumra_hex, nicolae_vaults_cochlea, vaults_room_grid,
          nicolae_vaults_cochlea, nicolae_vaults_offset_grid_hallway_4,
          nicolae_vaults_house_2, nicolae_vaults_tetromino_Z_1,
          layout_vaults_omnibox, serial_shops, nicolae_shop_stone
Vaults:5
Crypt:1:  minmay_guarded_unrand_sceptre_of_torment, layout_gridlike,
          grunt_crypt_arrival_guarded_gate
Crypt:2:  statuecave_lemuel, layout_chaotic_city, grunt_ministairs_15,
          nicolae_crypt_twisting_catacombs, eino_tiny_chamber
Crypt:3:  quadcrypt_mu, uniq_vv, uniq_josephina
Tomb:1
Tomb:2
Tomb:3
Depths:1: layout_gridlike, grunt_hell_entry_dis_mu, rand_demon_pan_entry_4,
          drop_trap, kennysheep_generic_room_9, minmay_shop_star
Depths:2: minmay_nine_rooms, layout_cave_pools, enter_ziggurat_f, pan_entry,
          serial_shops, shop, hangedman_tar_grid_catacomb, nicolae_water_bricks,
          nicolae_twisty_statue_hallways, minmay_staircase_windowed_large
Depths:3: minmay_the_grid_octo_tiled_octocenter_mashed
          [minmay_the_grid_octo_toaster, minmay_the_grid_octo_tetromino_candy,
          minmay_the_grid_octo_shrine, minmay_the_grid_octo_clover_2,
          minmay_the_grid_octo_prize_star, minmay_the_grid_square_5x5_bite,
          minmay_the_grid_square_5x5_tri_point,
          minmay_the_grid_square_5x5_two_walls_b,
          minmay_the_grid_square_5x5_percent], layout_cave_shapes, hell_entry,
          gammafunk_ghost_tricky_traps, abyss_entry,
          infiniplex_staircase_spiral_double
Depths:4: grunt_zot_entry_bicorn, layout_gridville,
          infiniplex_enter_wizlab_spiral, hell_entry, minmay_fountain_box,
          serial_sigils, serial_sigils_hangedman_carve,
          serial_sigils_hangedman_shear, serial_sigils_hangedman_snap,
          serial_sigils_hangedman_gut, serial_bayou_shore_b
Hell
Dis:1:    layout_regular_city, hangedman_dis_chains
Dis:2:    layout_regular_city, not_door_vault_mu
Dis:3:    layout_subdivisions
Dis:4:    layout_regular_city
Coc:1:    layout_cocytus_water_paths, serial_ice
Coc:2:    nicolae_coc_bergin, layout_cocytus_water_paths
Coc:3:    layout_ice_bergs
Coc:4:    layout_cocytus_water_paths
Coc:5:    layout_cocytus_water_paths
Coc:6:    layout_ice_bergs
Coc:7:    coc_grunt
Tar:1:    hangedman_snap_crack_crunch, layout_cathedral_of_symmetry
Tar:2:    layout_grid_maze
Tar:3:    layout_honeycomb
Tar:4:    layout_catacombs
Tar:5:    nicolae_tar_entombed_in_hell, layout_cathedral_of_symmetry
Tar:6:    layout_grid_maze
Tar:7:    tar_minmay_river
Zot:1:    layout_gridlike, zot_minivault_5
Zot:2:    gammafunk_mikee_crab_dinner, layout_gridlike, hellmonk_zot_clocked
Zot:3:    layout_basic, lemuel_baited_zot_trap, st_small_dragon_hoard_3
Zot:4:    nicolae_zot_stationary_front, layout_cellular_growth

Skill      XL: |  1  2  3  4  5  6  7  8  9 10 11 12 13 14 15 16 17 18 19 20 21 22 23 24 25 26 27 |
---------------+----------------------------------------------------------------------------------+-----
Conjurations   | 1 2 3 4 5 6 8 10 11 12 13 15 16 17 18 24 | 24.5
Earth Magic    | 4 5 6 7 9 10 13 14 15 16 17 19 20 21 26 | 26.9
Spellcasting   | 4 5 6 7 8 10 11 12 13 14 16 19 21 22 23 24 25 26 27 | 27.0
Stealth        | 3 4 6 8 |  8.0
Transmutations | 2 |  2.2
Ice Magic      | 3 4 24 | 24.4
Dodging        | 4 5 7 9 10 11 12 13 14 15 16 27 | 27.0
Fighting       | 2 3 4 6 7 8 9 10 12 13 15 27 | 27.0
Air Magic      | 2 5 8 10 11 14 18 24 | 24.4
Shapeshifting  | 3 5 7 8 10 11 12 13 14 15 17 19 20 22 23 | 23.0
Shields        | 2 4 |  4.3
Summonings     | 1 4 7 8 |  8.0
Translocations | 2 |  2.0
Fire Magic     | 6 7 13 14 18 | 18.8
Armour         | 2 4 |  4.0
Evocations     | 10 | 10.0
Staves         | 12 | 12.0

Action                     |  1- 3 |  4- 6 |  7- 9 | 10-12 | 13-15 | 16-18 | 19-21 | 22-24 | 25-27 || total
---------------------------+-------+-------+-------+-------+-------+-------+-------+-------+-------++-------
  Melee: Staff             |       |       |       |     7 |     1 |     2 |       |     4 |   111 ||   125
  Throw: Throwing net      |       |     1 |       |     1 |       |       |       |       |       ||     2
   Cast: Sandblast         |    58 |    64 |     8 |    12 |   213 |   261 |   188 |   157 |   267 ||  1228
         Passwall          |       |     7 |       |     4 |     1 |     1 |       |       |       ||    13
         Stone Arrow       |       |     6 |   136 |   124 |       |       |       |       |       ||   266
         Petrify           |       |       |    12 |     3 |     1 |       |       |       |       ||    16
         Lee's Rapid Decon |       |       |     7 |    43 |    18 |     3 |       |     2 |    12 ||    85
         Ozocubu's Armour  |       |       |     4 |    12 |     8 |    19 |    54 |       |    28 ||   125
         Leda's Unmaking   |       |       |       |    65 |   326 |   169 |   207 |   291 |   686 ||  1744
         Freezing Cloud    |       |       |       |    19 |   143 |   214 |   155 |    51 |    62 ||   644
         Iskenderun's Myst |       |       |       |       |     4 |     6 |     1 |     3 |     5 ||    19
         Spellforged Servi |       |       |       |       |       |   140 |   153 |   133 |   376 ||   802
         Sublimation of Bl |       |       |       |       |       |     2 |    27 |       |       ||    29
         Lehudib's Crystal |       |       |       |       |       |     1 |     6 |    22 |    48 ||    77
         Shatter           |       |       |       |       |       |       |     6 |    35 |   105 ||   146
         Blink             |       |       |       |       |       |       |     1 |     2 |     1 ||     4
         Ignition          |       |       |       |       |       |       |       |       |   414 ||   414
         Borgnjor's Vile C |       |       |       |       |       |       |       |       |     2 ||     2
         Chain Lightning   |       |       |       |       |       |       |       |       |    75 ||    75
         Polar Vortex      |       |       |       |       |       |       |       |       |    30 ||    30
         Yara's Violent Un |       |       |       |       |       |       |       |       |    14 ||    14
  Evoke: Wand              |       |       |       |     5 |     3 |    17 |     2 |     8 |    25 ||    60
         Figurine of a zig |       |       |       |       |       |       |       |       |     1 ||     1
    Use: Scroll            |       |     9 |    12 |     6 |     7 |     3 |     5 |     6 |    45 ||    93
         Potion            |       |     1 |     2 |     6 |     4 |     4 |     5 |    14 |    69 ||   105
   Stab: Petrified         |       |       |       |     2 |       |       |       |       |       ||     2
         Distracted        |       |       |       |       |       |       |       |       |     4 ||     4
 Armour: Robe              |     1 |       |     1 |    14 |    47 |    37 |    20 |       |    64 ||   184
         Skin              |       |       |       |       |       |       |       |    87 |   168 ||   255
  Dodge: Dodged            |     5 |    18 |    19 |    60 |   152 |   132 |    90 |   186 |   807 ||  1469
  Block: Buckler           |       |       |       |       |    49 |    48 |    33 |    56 |     8 ||   194
         Reflection        |       |       |       |       |       |       |       |     2 |     1 ||     3
   Form: Statue            |       |       |       |       |       |       |       |     1 |     3 ||     4
                           |       |       |       |       |       |       |       |       |    28 ||    28
         Storm             |       |       |       |       |       |       |       |       |     1 ||     1
         Death             |       |       |       |       |       |       |       |       |    27 ||    27

Table legend: (Time is in decaauts)
 A = Elapsed time spent in this place.
 B = Non-inter-level travel time spent in this place.
 C = Inter-level travel time spent in this place.
 D = Time resting spent in this place.
 E = Time spent auto-exploring this place.
 F = Levels seen in this place.
 G = Mean time per level.
                   A        B        C        D        E       F      G
               +--------+--------+--------+--------+--------+-----+--------+
         Total | 118617 | 105661 |  12956 |  31561 |  43829 | 126 |  941.4 |
       Dungeon |  23150 |  19138 |   4012 |   5394 |   9879 |  15 | 1543.3 |
        Temple |     12 |     12 |      0 |      0 |      0 |   1 |   12.0 |
          Lair |  13078 |  11197 |   1881 |   5099 |   3328 |   5 | 2615.6 |
        Shoals |   7615 |   7429 |    186 |   2685 |   3186 |   4 | 1903.8 |
   Spider Nest |   8500 |   8113 |    387 |   4118 |   2316 |   4 | 2125.0 |
    Slime Pits |   2009 |   1813 |    196 |    701 |      0 |   5 |  401.8 |
  Orcish Mines |   2936 |   2648 |    288 |   1242 |    448 |   2 | 1468.0 |
   Elven Halls |   4992 |   4870 |    122 |   1107 |   2319 |   3 | 1664.0 |
        Vaults |  11714 |  10447 |   1267 |   1642 |   6558 |   5 | 2342.8 |
         Crypt |   7729 |   6722 |   1007 |    927 |   4599 |   3 | 2576.3 |
          Tomb |   1805 |   1460 |    345 |    308 |      0 |   3 |  601.7 |
        Depths |   9902 |   7886 |   2016 |   2242 |   4353 |   4 | 2475.5 |
          Hell |   1093 |   1064 |     29 |    459 |    240 |   1 | 1093.0 |
           Dis |    479 |    447 |     32 |    180 |      0 |   4 |  119.8 |
       Cocytus |   1373 |   1104 |    269 |    212 |      0 |   7 |  196.1 |
      Tartarus |   3452 |   3116 |    336 |   1552 |     86 |   7 |  493.1 |
           Zot |   7688 |   7110 |    578 |   1183 |   4604 |   4 | 1922.0 |
         Abyss |    252 |    252 |      0 |      0 |      0 |   4 |   63.0 |
   Pandemonium |   5045 |   5045 |      0 |   1703 |      0 |  15 |  336.3 |
      Ziggurat |   4768 |   4768 |      0 |    444 |   1911 |  28 |  170.3 |
        Bailey |     28 |     28 |      0 |      0 |      0 |   1 |   28.0 |
        Wizlab |    985 |    985 |      0 |    360 |      0 |   1 |  985.0 |
               +--------+--------+--------+--------+--------+-----+--------+

Top non-repeatable levels by time:
  Lair:5: 3806 daAuts
 Crypt:3: 3480 daAuts
Depths:1: 3189 daAuts
Depths:2: 3006 daAuts
Spider:3: 2682 daAuts
    D:15: 2660 daAuts
Spider:4: 2657 daAuts
  Lair:4: 2654 daAuts
  Lair:3: 2651 daAuts
Vaults:1: 2581 daAuts
  Lair:1: 2548 daAuts
Vaults:2: 2543 daAuts
     D:9: 2410 daAuts
Vaults:4: 2365 daAuts
 Crypt:1: 2313 daAuts
